Workbook
Name Districts: 'District LAP Calculation'!$A$5:$V$322
Name Schools: 'HP Schools Calculation'!$C$10:$X$2336
Name Schools: 'HP Schools Calculation'!$C$10:$X$23812:'HP Schools Calculation'!$X$2338
Name TK: AAFTE!$A$3:$D$321

Sheet Instructions and about the data
B1: LAP Allocation Tracker Instructions
B3: Purpose
B4: This tool shows how your district's 2026-27 LAP allocation is distributed across eligible schools. It is intended for planning and allocation review purposes only.
B5: Note: This is not the LAP Recovery/Carryover Tool. An updated Recovery/Carryover Tool will be released in January 2027 once prior-year carryover data is finalized.
B7: Data Included
B8: Final 2025-26 AAFTE by school from the P223 report.
B9: LAP-eligible AAFTE in Column E.
B10: 2026-27 LAP allocations by school in Column G (yellow).
B11: Some schools may still qualify for HP LAP funding even if their current poverty percentage is below 50%. Schools that were previously identified as High Poverty eligible before implementing the Community Eligibility Provision (CEP) remain eligible under a hold-harmless provision, provided they continue offering free meals through CEP.
B13: Using the Tracker
B15: 1. Go to the Summary tab.
B16: 2. Select your district from the yellow drop-down box.
... B35: Updated with August 2026 AAFTE Data & September 2026 Approvals

Sheet Summary
B1: 2026-27 LAP Allocation Tracker
B2: (click on the yellow box to activate the dropdown menu) | F2: Program Total | I2: =SUM(I9,I15) -> 2481825.2
B3: ↓ District Dropdown ↓ | C3: TK LAP | D3: TK Enroll | E3: Per Pupil | F3: TK Funded
B4: Aberdeen School District | C4: LAP Base | D4: =E9 -> 0 | E4: =IF(D4=0,0,IFERROR(ROUND(I9/(F9),2),0)) -> 0 | F4: =ROUND(D4*E4,2) -> 0
B5: =VLOOKUP(B9, 'download file'!A3:D320,4,0) -> Funded: Complete | C5: Lap High Poverty | D5: =E15 -> 0 | E5: =IF(D5=0,0,IFERROR(ROUND(I15/(F15),2),0)) -> 0 | F5: =ROUND(D5*E5,2) -> 0
B7: LAP Base Calculation | G7: Enter if Changes
B8: District Code | C8: District Name | D8: % Used for 2026-27 LAP Funding | E8: TK AAFTE 2025-26 as of August 2026 | F8: AAFTE w/TK 2025-26 as of August 2026 | G8: Final 2025-26 AAFTE w/TK (Should match F-203) | I8: LAP Base Allocation
B9: =VLOOKUP($B$4,AAFTE!$B:$G,6,0) -> 14005 | C9: =$B$4 -> Aberdeen School District | D9: =IFERROR(VLOOKUP(B9,'CEDARS District FRPL'!A:C,3,FALSE),"No Data") -> 0.6818 | E9: =VLOOKUP($B$9,AAFTE!$A$3:$E$321,4,FALSE) -> 0 | F9: =VLOOKUP($B$9,Districts,4,0) -> 3015.64 | I9: =VLOOKUP($B$9,Districts,'District LAP Calculation'!V$1,0) -> 1495877.5
B13: LAP High Poverty Schools Calculation | G13: Enter if Changes for the schools. Enter No if not accepting funding for an eligible school.
B14: School Code | C14: School Name | D14: High Poverty Eligible | E14: =E8 -> TK AAFTE 2025-26 as of August 2026 | F14: =F8 -> AAFTE w/TK 2025-26 as of August 2026 | G14: Adjusted 2025-26 AAFTE w/TK | H14: Reported 2025-26 AAFTE w/TK for LAP High Poverty Schools Allocation (For F-203) | I14: Allocation for Eligible High Poverty Schools
C15: School Level Average | E15: =SUMIFS(E16:E122,D16:D122,"Yes") -> 0 | F15: =SUMIFS(F16:F122,$D$16:$D$122,"Yes") -> 2953.78 | G15: =SUMIFS(G16:G122,$D$16:$D$122,"Yes") -> 0 | H15: =SUM(H16:H122) -> 2953.78 | I15: =SUMIF($D$16:$D$122,"<>0",I16:I122) -> 985947.7
B16: {=IFERROR(INDEX('HP Schools Calculation'!$C$10:$C$2338,SMALL(IF('HP Schools Calculation'!$A$10:$A$2338=Summary!$B$9,ROW('HP Schools Calculation'!$C$10:$C$2338)-ROW('HP Schools Calculation'!C$10)+1),ROWS('HP Schools Calculation'!C$10:C10))),"")} -> 2834 | C16: {=_xlfn.IFNA(VLOOKUP($B16,Schools,'HP Schools Calculation'!D$1,0),"")} -> A J West Elementary | D16: =_xlfn.IFNA(VLOOKUP($B16,Schools,'HP Schools Calculation'!E$1,0),"") -> Yes | E16: =_xlfn.IFNA(VLOOKUP($B16,'2025-26 School Level AAFTE'!$C$5:$L$2349,'2025-26 School Level AAFTE'!$F$1,0),"") -> 0 | F16: =IF($D16="No",0,_xlfn.IFNA(VLOOKUP($B16,Schools,'HP Schools Calculation'!F$1,FALSE),"")) -> 262.65 | H16: =_xlfn.IFNA(VLOOKUP($B16,Schools,'HP Schools Calculation'!K$1,0),"") -> 262.65 | I16: =IF($F16=0,0,_xlfn.IFNA(VLOOKUP($B16,Schools,'HP Schools Calculation'!X$1,0),"")) -> 87624.62
B17: {=IFERROR(INDEX('HP Schools Calculation'!$C$10:$C$2338,SMALL(IF('HP Schools Calculation'!$A$10:$A$2338=Summary!$B$9,ROW('HP Schools Calculation'!$C$10:$C$2338)-ROW('HP Schools Calculation'!C$10)+1),ROWS('HP Schools Calculation'!C$10:C11))),"")} -> 3216 | C17: {=_xlfn.IFNA(VLOOKUP($B17,Schools,'HP Schools Calculation'!D$1,0),"")} -> Central Park Elementary | D17: =_xlfn.IFNA(VLOOKUP($B17,Schools,'HP Schools Calculation'!E$1,0),"") -> Yes | E17: =_xlfn.IFNA(VLOOKUP($B17,'2025-26 School Level AAFTE'!$C$5:$L$2349,'2025-26 School Level AAFTE'!$F$1,0),"") -> 0 | F17: =IF($D17="No",0,_xlfn.IFNA(VLOOKUP($B17,Schools,'HP Schools Calculation'!F$1,FALSE),"")) -> 117.54 | H17: =_xlfn.IFNA(VLOOKUP($B17,Schools,'HP Schools Calculation'!K$1,0),"") -> 117.54 | I17: =IF($F17=0,0,_xlfn.IFNA(VLOOKUP($B17,Schools,'HP Schools Calculation'!X$1,0),"")) -> 39260.38
B18: {=IFERROR(INDEX('HP Schools Calculation'!$C$10:$C$2338,SMALL(IF('HP Schools Calculation'!$A$10:$A$2338=Summary!$B$9,ROW('HP Schools Calculation'!$C$10:$C$2338)-ROW('HP Schools Calculation'!C$10)+1),ROWS('HP Schools Calculation'!C$10:C12))),"")} -> 5514 | C18: {=_xlfn.IFNA(VLOOKUP($B18,Schools,'HP Schools Calculation'!D$1,0),"")} -> Grays Harbor Academy | D18: =_xlfn.IFNA(VLOOKUP($B18,Schools,'HP Schools Calculation'!E$1,0),"") -> Yes | E18: =_xlfn.IFNA(VLOOKUP($B18,'2025-26 School Level AAFTE'!$C$5:$L$2349,'2025-26 School Level AAFTE'!$F$1,0),"") -> 0 | F18: =IF($D18="No",0,_xlfn.IFNA(VLOOKUP($B18,Schools,'HP Schools Calculation'!F$1,FALSE),"")) -> 85.97 | H18: =_xlfn.IFNA(VLOOKUP($B18,Schools,'HP Schools Calculation'!K$1,0),"") -> 85.97 | I18: =IF($F18=0,0,_xlfn.IFNA(VLOOKUP($B18,Schools,'HP Schools Calculation'!X$1,0),"")) -> 28677.15
B19: {=IFERROR(INDEX('HP Schools Calculation'!$C$10:$C$2338,SMALL(IF('HP Schools Calculation'!$A$10:$A$2338=Summary!$B$9,ROW('HP Schools Calculation'!$C$10:$C$2338)-ROW('HP Schools Calculation'!C$10)+1),ROWS('HP Schools Calculation'!C$10:C13))),"")} -> 3857 | C19: {=_xlfn.IFNA(VLOOKUP($B19,Schools,'HP Schools Calculation'!D$1,0),"")} -> Harbor Junior/Senior High School | D19: =_xlfn.IFNA(VLOOKUP($B19,Schools,'HP Schools Calculation'!E$1,0),"") -> Yes | E19: =_xlfn.IFNA(VLOOKUP($B19,'2025-26 School Level AAFTE'!$C$5:$L$2349,'2025-26 School Level AAFTE'!$F$1,0),"") -> 0 | F19: =IF($D19="No",0,_xlfn.IFNA(VLOOKUP($B19,Schools,'HP Schools Calculation'!F$1,FALSE),"")) -> 108.67 | H19: =_xlfn.IFNA(VLOOKUP($B19,Schools,'HP Schools Calculation'!K$1,0),"") -> 108.67 | I19: =IF($F19=0,0,_xlfn.IFNA(VLOOKUP($B19,Schools,'HP Schools Calculation'!X$1,0),"")) -> 36301.63
B20: {=IFERROR(INDEX('HP Schools Calculation'!$C$10:$C$2338,SMALL(IF('HP Schools Calculation'!$A$10:$A$2338=Summary!$B$9,ROW('HP Schools Calculation'!$C$10:$C$2338)-ROW('HP Schools Calculation'!C$10)+1),ROWS('HP Schools Calculation'!C$10:C14))),"")} -> 5663 | C20: {=_xlfn.IFNA(VLOOKUP($B20,Schools,'HP Schools Calculation'!D$1,0),"")} -> Harbor Open Doors | D20: =_xlfn.IFNA(VLOOKUP($B20,Schools,'HP Schools Calculation'!E$1,0),"") -> Yes | E20: =_xlfn.IFNA(VLOOKUP($B20,'2025-26 School Level AAFTE'!$C$5:$L$2349,'2025-26 School Level AAFTE'!$F$1,0),"") -> 0 | F20: =IF($D20="No",0,_xlfn.IFNA(VLOOKUP($B20,Schools,'HP Schools Calculation'!F$1,FALSE),"")) -> 91.49 | H20: =_xlfn.IFNA(VLOOKUP($B20,Schools,'HP Schools Calculation'!K$1,0),"") -> 91.49 | I20: =IF($F20=0,0,_xlfn.IFNA(VLOOKUP($B20,Schools,'HP Schools Calculation'!X$1,0),"")) -> 30497.91
B21: {=IFERROR(INDEX('HP Schools Calculation'!$C$10:$C$2338,SMALL(IF('HP Schools Calculation'!$A$10:$A$2338=Summary!$B$9,ROW('HP Schools Calculation'!$C$10:$C$2338)-ROW('HP Schools Calculation'!C$10)+1),ROWS('HP Schools Calculation'!C$10:C15))),"")} -> 3476 | C21: {=_xlfn.IFNA(VLOOKUP($B21,Schools,'HP Schools Calculation'!D$1,0),"")} -> J M Weatherwax High School | D21: =_xlfn.IFNA(VLOOKUP($B21,Schools,'HP Schools Calculation'!E$1,0),"") -> Yes | E21: =_xlfn.IFNA(VLOOKUP($B21,'2025-26 School Level AAFTE'!$C$5:$L$2349,'2025-26 School Level AAFTE'!$F$1,0),"") -> 0 | F21: =IF($D21="No",0,_xlfn.IFNA(VLOOKUP($B21,Schools,'HP Schools Calculation'!F$1,FALSE),"")) -> 874.79 | H21: =_xlfn.IFNA(VLOOKUP($B21,Schools,'HP Schools Calculation'!K$1,0),"") -> 874.79 | I21: =IF($F21=0,0,_xlfn.IFNA(VLOOKUP($B21,Schools,'HP Schools Calculation'!X$1,0),"")) -> 292006.21
B22: {=IFERROR(INDEX('HP Schools Calculation'!$C$10:$C$2338,SMALL(IF('HP Schools Calculation'!$A$10:$A$2338=Summary!$B$9,ROW('HP Schools Calculation'!$C$10:$C$2338)-ROW('HP Schools Calculation'!C$10)+1),ROWS('HP Schools Calculation'!C$10:C16))),"")} -> 2449 | C22: {=_xlfn.IFNA(VLOOKUP($B22,Schools,'HP Schools Calculation'!D$1,0),"")} -> McDermoth Elementary | D22: =_xlfn.IFNA(VLOOKUP($B22,Schools,'HP Schools Calculation'!E$1,0),"") -> Yes | E22: =_xlfn.IFNA(VLOOKUP($B22,'2025-26 School Level AAFTE'!$C$5:$L$2349,'2025-26 School Level AAFTE'!$F$1,0),"") -> 0 | F22: =IF($D22="No",0,_xlfn.IFNA(VLOOKUP($B22,Schools,'HP Schools Calculation'!F$1,FALSE),"")) -> 280.1 | H22: =_xlfn.IFNA(VLOOKUP($B22,Schools,'HP Schools Calculation'!K$1,0),"") -> 280.1 | I22: =IF($F22=0,0,_xlfn.IFNA(VLOOKUP($B22,Schools,'HP Schools Calculation'!X$1,0),"")) -> 93542.13
B23: {=IFERROR(INDEX('HP Schools Calculation'!$C$10:$C$2338,SMALL(IF('HP Schools Calculation'!$A$10:$A$2338=Summary!$B$9,ROW('HP Schools Calculation'!$C$10:$C$2338)-ROW('HP Schools Calculation'!C$10)+1),ROWS('HP Schools Calculation'!C$10:C17))),"")} -> 2305 | C23: {=_xlfn.IFNA(VLOOKUP($B23,Schools,'HP Schools Calculation'!D$1,0),"")} -> Miller Junior High | D23: =_xlfn.IFNA(VLOOKUP($B23,Schools,'HP Schools Calculation'!E$1,0),"") -> Yes | E23: =_xlfn.IFNA(VLOOKUP($B23,'2025-26 School Level AAFTE'!$C$5:$L$2349,'2025-26 School Level AAFTE'!$F$1,0),"") -> 0 | F23: =IF($D23="No",0,_xlfn.IFNA(VLOOKUP($B23,Schools,'HP Schools Calculation'!F$1,FALSE),"")) -> 618.59 | H23: =_xlfn.IFNA(VLOOKUP($B23,Schools,'HP Schools Calculation'!K$1,0),"") -> 618.59 | I23: =IF($F23=0,0,_xlfn.IFNA(VLOOKUP($B23,Schools,'HP Schools Calculation'!X$1,0),"")) -> 206543.75
B24: {=IFERROR(INDEX('HP Schools Calculation'!$C$10:$C$2338,SMALL(IF('HP Schools Calculation'!$A$10:$A$2338=Summary!$B$9,ROW('HP Schools Calculation'!$C$10:$C$2338)-ROW('HP Schools Calculation'!C$10)+1),ROWS('HP Schools Calculation'!C$10:C18))),"")} -> 2763 | C24: {=_xlfn.IFNA(VLOOKUP($B24,Schools,'HP Schools Calculation'!D$1,0),"")} -> Robert Gray Elementary | D24: =_xlfn.IFNA(VLOOKUP($B24,Schools,'HP Schools Calculation'!E$1,0),"") -> Yes | E24: =_xlfn.IFNA(VLOOKUP($B24,'2025-26 School Level AAFTE'!$C$5:$L$2349,'2025-26 School Level AAFTE'!$F$1,0),"") -> 0 | F24: =IF($D24="No",0,_xlfn.IFNA(VLOOKUP($B24,Schools,'HP Schools Calculation'!F$1,FALSE),"")) -> 211.48 | H24: =_xlfn.IFNA(VLOOKUP($B24,Schools,'HP Schools Calculation'!K$1,0),"") -> 211.48 | I24: =IF($F24=0,0,_xlfn.IFNA(VLOOKUP($B24,Schools,'HP Schools Calculation'!X$1,0),"")) -> 70554.9
B25: {=IFERROR(INDEX('HP Schools Calculation'!$C$10:$C$2338,SMALL(IF('HP Schools Calculation'!$A$10:$A$2338=Summary!$B$9,ROW('HP Schools Calculation'!$C$10:$C$2338)-ROW('HP Schools Calculation'!C$10)+1),ROWS('HP Schools Calculation'!C$10:C19))),"")} -> 2971 | C25: {=_xlfn.IFNA(VLOOKUP($B25,Schools,'HP Schools Calculation'!D$1,0),"")} -> Stevens Elementary School | D25: =_xlfn.IFNA(VLOOKUP($B25,Schools,'HP Schools Calculation'!E$1,0),"") -> Yes | E25: =_xlfn.IFNA(VLOOKUP($B25,'2025-26 School Level AAFTE'!$C$5:$L$2349,'2025-26 School Level AAFTE'!$F$1,0),"") -> 0 | F25: =IF($D25="No",0,_xlfn.IFNA(VLOOKUP($B25,Schools,'HP Schools Calculation'!F$1,FALSE),"")) -> 302.5 | H25: =_xlfn.IFNA(VLOOKUP($B25,Schools,'HP Schools Calculation'!K$1,0),"") -> 302.5 | I25: =IF($F25=0,0,_xlfn.IFNA(VLOOKUP($B25,Schools,'HP Schools Calculation'!X$1,0),"")) -> 100939.02
B26: {=IFERROR(INDEX('HP Schools Calculation'!$C$10:$C$2338,SMALL(IF('HP Schools Calculation'!$A$10:$A$2338=Summary!$B$9,ROW('HP Schools Calculation'!$C$10:$C$2338)-ROW('HP Schools Calculation'!C$10)+1),ROWS('HP Schools Calculation'!C$10:C20))),"")} -> 5208 | C26: {=_xlfn.IFNA(VLOOKUP($B26,Schools,'HP Schools Calculation'!D$1,0),"")} -> Twin Harbors - A Branch of New Market Skills Center | D26: =_xlfn.IFNA(VLOOKUP($B26,Schools,'HP Schools Calculation'!E$1,0),"") -> No | E26: =_xlfn.IFNA(VLOOKUP($B26,'2025-26 School Level AAFTE'!$C$5:$L$2349,'2025-26 School Level AAFTE'!$F$1,0),"") -> 0 | F26: =IF($D26="No",0,_xlfn.IFNA(VLOOKUP($B26,Schools,'HP Schools Calculation'!F$1,FALSE),"")) -> 0 | H26: =_xlfn.IFNA(VLOOKUP($B26,Schools,'HP Schools Calculation'!K$1,0),"") -> 0 | I26: =IF($F26=0,0,_xlfn.IFNA(VLOOKUP($B26,Schools,'HP Schools Calculation'!X$1,0),"")) -> 0
B27: {=IFERROR(INDEX('HP Schools Calculation'!$C$10:$C$2338,SMALL(IF('HP Schools Calculation'!$A$10:$A$2338=Summary!$B$9,ROW('HP Schools Calculation'!$C$10:$C$2338)-ROW('HP Schools Calculation'!C$10)+1),ROWS('HP Schools Calculation'!C$10:C21))),"")} | C27: {=_xlfn.IFNA(VLOOKUP($B27,Schools,'HP Schools Calculation'!D$1,0),"")} | D27: =_xlfn.IFNA(VLOOKUP($B27,Schools,'HP Schools Calculation'!E$1,0),"") | E27: =_xlfn.IFNA(VLOOKUP($B27,'2025-26 School Level AAFTE'!$C$5:$L$2349,'2025-26 School Level AAFTE'!$F$1,0),"") | F27: =IF($D27="No",0,_xlfn.IFNA(VLOOKUP($B27,Schools,'HP Schools Calculation'!F$1,FALSE),"")) | H27: =_xlfn.IFNA(VLOOKUP($B27,Schools,'HP Schools Calculation'!K$1,0),"") | I27: =IF($F27=0,0,_xlfn.IFNA(VLOOKUP($B27,Schools,'HP Schools Calculation'!X$1,0),""))
... B122: {=IFERROR(INDEX('HP Schools Calculation'!$C$10:$C$2338,SMALL(IF('HP Schools Calculation'!$A$10:$A$2338=Summary!$B$9,ROW('HP Schools Calculation'!$C$10:$C$2338)-ROW('HP Schools Calculation'!C$10)+1),ROWS('HP Schools Calculation'!C$10:C116))),"")} | C122: {=_xlfn.IFNA(VLOOKUP($B122,Schools,'HP Schools Calculation'!D$1,0),"")} | D122: =_xlfn.IFNA(VLOOKUP($B122,Schools,'HP Schools Calculation'!E$1,0),"") | E122: =_xlfn.IFNA(VLOOKUP($B122,'2025-26 School Level AAFTE'!$C$5:$L$2349,'2025-26 School Level AAFTE'!$F$1,0),"") | F122: =IF($D122="No",0,_xlfn.IFNA(VLOOKUP($B122,Schools,'HP Schools Calculation'!F$1,FALSE),"")) | H122: =_xlfn.IFNA(VLOOKUP($B122,Schools,'HP Schools Calculation'!K$1,0),"") | I122: =IF($F122=0,0,_xlfn.IFNA(VLOOKUP($B122,Schools,'HP Schools Calculation'!X$1,0),""))

Sheet HP Schools Calculation
C1: =COLUMN(A1) -> 1 | D1: =COLUMN(B1) -> 2 | E1: =COLUMN(C1) -> 3 | F1: =COLUMN(D1) -> 4 | G1: =COLUMN(E1) -> 5 | H1: =COLUMN(F1) -> 6 | I1: =COLUMN(G1) -> 7 | J1: =COLUMN(H1) -> 8 | ... X1: =COLUMN(V1) -> 22
D8: =COUNTA(D10:D2338) -> 2327
A9: District Code | B9: District Name | C9: School Code | D9: School Name | E9: Eligible for High Poverty Schools Allocation | F9: =Summary!F14 -> AAFTE w/TK 2025-26 as of August 2026 | G9: =Summary!G14 -> Adjusted 2025-26 AAFTE w/TK | H9: =Summary!H14 -> Reported 2025-26 AAFTE w/TK for LAP High Poverty Schools Allocation (For F-203) | I9: ='2026-27 Salary & Benefits'!C5 -> 2026-27 Reg Base | J9: ='2026-27 Salary & Benefits'!D5 -> 2026-27 Reg Inc | K9: High Poverty Schools Prior Year AAFTE | L9: Formulated Staff Units | M9: CIS Sal | N9: CIS Sal Inc | O9: LAP CIS Salary/YR | P9: LAP CIS Salary Incr/YR | Q9: LAP CIS Health Ins Inc Rate | R9: LAP CIS Fringe Benefit Rate | S9: LAP CIS Fringe Benefit Inc Rate | T9: Fringe + Health | U9: LAP Prof Learning Days Salaries | V9: LAP Prof Learning Days Fringe Benefit | W9: LAP Prof Learning Days Total | X9: High Poverty Schools Allocation
A10: 14005 | B10: Aberdeen | C10: 2834 | D10: A J West Elementary | E10: =IFERROR(VLOOKUP($C10,'2025-26 School Level AAFTE'!$C$2:$L$2349,9,FALSE), "No") -> Yes | F10: =IFERROR(VLOOKUP($C10,'2025-26 School Level AAFTE'!$C$2:$J$2349,8,FALSE), 0) -> 262.65 | G10: =IFERROR(IF(E10= "yes",VLOOKUP(C10,Summary!$B:$I,6,0),0),0) -> 0 | H10: =IF(E10= "yes", F10,0) -> 262.65 | I10: =VLOOKUP($A10,'2026-27 Salary & Benefits'!$A:$I,3,FALSE) -> 1 | J10: =VLOOKUP($A10,'2026-27 Salary & Benefits'!$A:$I,4,FALSE) -> 1 | K10: =IF(G10>0,G10,H10) -> 262.65 | L10: =ROUND((($K10*1.1*36)/15)/900,3) -> 0.77 | M10: ='2026-27 Salary & Benefits'!$E$6 -> 78209 | N10: ='2026-27 Salary & Benefits'!$F$6 -> 82248 | O10: =ROUND($I10*$M10*$L10,2) -> 60220.93 | P10: =ROUND($J10*$N10*$L10,2)-O10 -> 3110.03 | Q10: ='2026-27 Salary & Benefits'!G$6 -> 16817.76 | R10: ='2026-27 Salary & Benefits'!H$6 -> 0.1602 | S10: ='2026-27 Salary & Benefits'!I$6 -> 0.1539 | T10: =ROUND(O10*R10+P10*S10+L10*Q10,2) -> 23075.7 | U10: =ROUND((($N10*$J10*$L10)/180)*3,2) -> 1055.52 | V10: =ROUND(U10*S10,2) -> 162.44 | W10: =SUM(U10:V10) -> 1217.96 | X10: =SUM(T10,O10:P10,W10) -> 87624.62 | Y10: =SUM(X10:X19) -> 985947.7 | Z10: =X10/Y10 -> 0.088873497
A11: 14005 | B11: Aberdeen | C11: 3216 | D11: Central Park Elementary | E11: =IFERROR(VLOOKUP($C11,'2025-26 School Level AAFTE'!$C$2:$L$2349,9,FALSE), "No") -> Yes | F11: =IFERROR(VLOOKUP($C11,'2025-26 School Level AAFTE'!$C$2:$J$2349,8,FALSE), 0) -> 117.54 | G11: =IFERROR(IF(E11= "yes",VLOOKUP(C11,Summary!$B:$I,6,0),0),0) -> 0 | H11: =IF(E11= "yes", F11,0) -> 117.54 | I11: =VLOOKUP($A11,'2026-27 Salary & Benefits'!$A:$I,3,FALSE) -> 1 | J11: =VLOOKUP($A11,'2026-27 Salary & Benefits'!$A:$I,4,FALSE) -> 1 | K11: =IF(G11>0,G11,H11) -> 117.54 | L11: =ROUND((($K11*1.1*36)/15)/900,3) -> 0.345 | M11: ='2026-27 Salary & Benefits'!$E$6 -> 78209 | N11: ='2026-27 Salary & Benefits'!$F$6 -> 82248 | O11: =ROUND($I11*$M11*$L11,2) -> 26982.11 | P11: =ROUND($J11*$N11*$L11,2)-O11 -> 1393.45 | Q11: ='2026-27 Salary & Benefits'!G$6 -> 16817.76 | R11: ='2026-27 Salary & Benefits'!H$6 -> 0.1602 | S11: ='2026-27 Salary & Benefits'!I$6 -> 0.1539 | T11: =ROUND(O11*R11+P11*S11+L11*Q11,2) -> 10339.11 | U11: =ROUND((($N11*$J11*$L11)/180)*3,2) -> 472.93 | V11: =ROUND(U11*S11,2) -> 72.78 | W11: =SUM(U11:V11) -> 545.71 | X11: =SUM(T11,O11:P11,W11) -> 39260.38 | Y11: =SUM(K10:K20) -> 2953.78 | Z11: =K10/Y11 -> 0.08891996
A12: 14005 | B12: Aberdeen | C12: 5514 | D12: Grays Harbor Academy | E12: =IFERROR(VLOOKUP($C12,'2025-26 School Level AAFTE'!$C$2:$L$2349,9,FALSE), "No") -> Yes | F12: =IFERROR(VLOOKUP($C12,'2025-26 School Level AAFTE'!$C$2:$J$2349,8,FALSE), 0) -> 85.97 | G12: =IFERROR(IF(E12= "yes",VLOOKUP(C12,Summary!$B:$I,6,0),0),0) -> 0 | H12: =IF(E12= "yes", F12,0) -> 85.97 | I12: =VLOOKUP($A12,'2026-27 Salary & Benefits'!$A:$I,3,FALSE) -> 1 | J12: =VLOOKUP($A12,'2026-27 Salary & Benefits'!$A:$I,4,FALSE) -> 1 | K12: =IF(G12>0,G12,H12) -> 85.97 | L12: =ROUND((($K12*1.1*36)/15)/900,3) -> 0.252 | M12: ='2026-27 Salary & Benefits'!$E$6 -> 78209 | N12: ='2026-27 Salary & Benefits'!$F$6 -> 82248 | O12: =ROUND($I12*$M12*$L12,2) -> 19708.67 | P12: =ROUND($J12*$N12*$L12,2)-O12 -> 1017.83 | Q12: ='2026-27 Salary & Benefits'!G$6 -> 16817.76 | R12: ='2026-27 Salary & Benefits'!H$6 -> 0.1602 | S12: ='2026-27 Salary & Benefits'!I$6 -> 0.1539 | T12: =ROUND(O12*R12+P12*S12+L12*Q12,2) -> 7552.05 | U12: =ROUND((($N12*$J12*$L12)/180)*3,2) -> 345.44 | V12: =ROUND(U12*S12,2) -> 53.16 | W12: =SUM(U12:V12) -> 398.6 | X12: =SUM(T12,O12:P12,W12) -> 28677.15
A13: 14005 | B13: Aberdeen | C13: 3857 | D13: Harbor Junior/Senior High School | E13: =IFERROR(VLOOKUP($C13,'2025-26 School Level AAFTE'!$C$2:$L$2349,9,FALSE), "No") -> Yes | F13: =IFERROR(VLOOKUP($C13,'2025-26 School Level AAFTE'!$C$2:$J$2349,8,FALSE), 0) -> 108.67 | G13: =IFERROR(IF(E13= "yes",VLOOKUP(C13,Summary!$B:$I,6,0),0),0) -> 0 | H13: =IF(E13= "yes", F13,0) -> 108.67 | I13: =VLOOKUP($A13,'2026-27 Salary & Benefits'!$A:$I,3,FALSE) -> 1 | J13: =VLOOKUP($A13,'2026-27 Salary & Benefits'!$A:$I,4,FALSE) -> 1 | K13: =IF(G13>0,G13,H13) -> 108.67 | L13: =ROUND((($K13*1.1*36)/15)/900,3) -> 0.319 | M13: ='2026-27 Salary & Benefits'!$E$6 -> 78209 | N13: ='2026-27 Salary & Benefits'!$F$6 -> 82248 | O13: =ROUND($I13*$M13*$L13,2) -> 24948.67 | P13: =ROUND($J13*$N13*$L13,2)-O13 -> 1288.44 | Q13: ='2026-27 Salary & Benefits'!G$6 -> 16817.76 | R13: ='2026-27 Salary & Benefits'!H$6 -> 0.1602 | S13: ='2026-27 Salary & Benefits'!I$6 -> 0.1539 | T13: =ROUND(O13*R13+P13*S13+L13*Q13,2) -> 9559.93 | U13: =ROUND((($N13*$J13*$L13)/180)*3,2) -> 437.29 | V13: =ROUND(U13*S13,2) -> 67.3 | W13: =SUM(U13:V13) -> 504.59 | X13: =SUM(T13,O13:P13,W13) -> 36301.63
A14: 14005 | B14: Aberdeen | C14: 5663 | D14: Harbor Open Doors | E14: =IFERROR(VLOOKUP($C14,'2025-26 School Level AAFTE'!$C$2:$L$2349,9,FALSE), "No") -> Yes | F14: =IFERROR(VLOOKUP($C14,'2025-26 School Level AAFTE'!$C$2:$J$2349,8,FALSE), 0) -> 91.49 | G14: =IFERROR(IF(E14= "yes",VLOOKUP(C14,Summary!$B:$I,6,0),0),0) -> 0 | H14: =IF(E14= "yes", F14,0) -> 91.49 | I14: =VLOOKUP($A14,'2026-27 Salary & Benefits'!$A:$I,3,FALSE) -> 1 | J14: =VLOOKUP($A14,'2026-27 Salary & Benefits'!$A:$I,4,FALSE) -> 1 | K14: =IF(G14>0,G14,H14) -> 91.49 | L14: =ROUND((($K14*1.1*36)/15)/900,3) -> 0.268 | M14: ='2026-27 Salary & Benefits'!$E$6 -> 78209 | N14: ='2026-27 Salary & Benefits'!$F$6 -> 82248 | O14: =ROUND($I14*$M14*$L14,2) -> 20960.01 | P14: =ROUND($J14*$N14*$L14,2)-O14 -> 1082.45 | Q14: ='2026-27 Salary & Benefits'!G$6 -> 16817.76 | R14: ='2026-27 Salary & Benefits'!H$6 -> 0.1602 | S14: ='2026-27 Salary & Benefits'!I$6 -> 0.1539 | T14: =ROUND(O14*R14+P14*S14+L14*Q14,2) -> 8031.54 | U14: =ROUND((($N14*$J14*$L14)/180)*3,2) -> 367.37 | V14: =ROUND(U14*S14,2) -> 56.54 | W14: =SUM(U14:V14) -> 423.91 | X14: =SUM(T14,O14:P14,W14) -> 30497.91
A15: 14005 | B15: Aberdeen | C15: 3476 | D15: J M Weatherwax High School | E15: =IFERROR(VLOOKUP($C15,'2025-26 School Level AAFTE'!$C$2:$L$2349,9,FALSE), "No") -> Yes | F15: =IFERROR(VLOOKUP($C15,'2025-26 School Level AAFTE'!$C$2:$J$2349,8,FALSE), 0) -> 874.79 | G15: =IFERROR(IF(E15= "yes",VLOOKUP(C15,Summary!$B:$I,6,0),0),0) -> 0 | H15: =IF(E15= "yes", F15,0) -> 874.79 | I15: =VLOOKUP($A15,'2026-27 Salary & Benefits'!$A:$I,3,FALSE) -> 1 | J15: =VLOOKUP($A15,'2026-27 Salary & Benefits'!$A:$I,4,FALSE) -> 1 | K15: =IF(G15>0,G15,H15) -> 874.79 | L15: =ROUND((($K15*1.1*36)/15)/900,3) -> 2.566 | M15: ='2026-27 Salary & Benefits'!$E$6 -> 78209 | N15: ='2026-27 Salary & Benefits'!$F$6 -> 82248 | O15: =ROUND($I15*$M15*$L15,2) -> 200684.29 | P15: =ROUND($J15*$N15*$L15,2)-O15 -> 10364.08 | Q15: ='2026-27 Salary & Benefits'!G$6 -> 16817.76 | R15: ='2026-27 Salary & Benefits'!H$6 -> 0.1602 | S15: ='2026-27 Salary & Benefits'!I$6 -> 0.1539 | T15: =ROUND(O15*R15+P15*S15+L15*Q15,2) -> 76899.03 | U15: =ROUND((($N15*$J15*$L15)/180)*3,2) -> 3517.47 | V15: =ROUND(U15*S15,2) -> 541.34 | W15: =SUM(U15:V15) -> 4058.81 | X15: =SUM(T15,O15:P15,W15) -> 292006.21
A16: 14005 | B16: Aberdeen | C16: 2449 | D16: McDermoth Elementary | E16: =IFERROR(VLOOKUP($C16,'2025-26 School Level AAFTE'!$C$2:$L$2349,9,FALSE), "No") -> Yes | F16: =IFERROR(VLOOKUP($C16,'2025-26 School Level AAFTE'!$C$2:$J$2349,8,FALSE), 0) -> 280.1 | G16: =IFERROR(IF(E16= "yes",VLOOKUP(C16,Summary!$B:$I,6,0),0),0) -> 0 | H16: =IF(E16= "yes", F16,0) -> 280.1 | I16: =VLOOKUP($A16,'2026-27 Salary & Benefits'!$A:$I,3,FALSE) -> 1 | J16: =VLOOKUP($A16,'2026-27 Salary & Benefits'!$A:$I,4,FALSE) -> 1 | K16: =IF(G16>0,G16,H16) -> 280.1 | L16: =ROUND((($K16*1.1*36)/15)/900,3) -> 0.822 | M16: ='2026-27 Salary & Benefits'!$E$6 -> 78209 | N16: ='2026-27 Salary & Benefits'!$F$6 -> 82248 | O16: =ROUND($I16*$M16*$L16,2) -> 64287.8 | P16: =ROUND($J16*$N16*$L16,2)-O16 -> 3320.06 | Q16: ='2026-27 Salary & Benefits'!G$6 -> 16817.76 | R16: ='2026-27 Salary & Benefits'!H$6 -> 0.1602 | S16: ='2026-27 Salary & Benefits'!I$6 -> 0.1539 | T16: =ROUND(O16*R16+P16*S16+L16*Q16,2) -> 24634.06 | U16: =ROUND((($N16*$J16*$L16)/180)*3,2) -> 1126.8 | V16: =ROUND(U16*S16,2) -> 173.41 | W16: =SUM(U16:V16) -> 1300.21 | X16: =SUM(T16,O16:P16,W16) -> 93542.13
A17: 14005 | B17: Aberdeen | C17: 2305 | D17: Miller Junior High | E17: =IFERROR(VLOOKUP($C17,'2025-26 School Level AAFTE'!$C$2:$L$2349,9,FALSE), "No") -> Yes | F17: =IFERROR(VLOOKUP($C17,'2025-26 School Level AAFTE'!$C$2:$J$2349,8,FALSE), 0) -> 618.59 | G17: =IFERROR(IF(E17= "yes",VLOOKUP(C17,Summary!$B:$I,6,0),0),0) -> 0 | H17: =IF(E17= "yes", F17,0) -> 618.59 | I17: =VLOOKUP($A17,'2026-27 Salary & Benefits'!$A:$I,3,FALSE) -> 1 | J17: =VLOOKUP($A17,'2026-27 Salary & Benefits'!$A:$I,4,FALSE) -> 1 | K17: =IF(G17>0,G17,H17) -> 618.59 | L17: =ROUND((($K17*1.1*36)/15)/900,3) -> 1.815 | M17: ='2026-27 Salary & Benefits'!$E$6 -> 78209 | N17: ='2026-27 Salary & Benefits'!$F$6 -> 82248 | O17: =ROUND($I17*$M17*$L17,2) -> 141949.34 | P17: =ROUND($J17*$N17*$L17,2)-O17 -> 7330.78 | Q17: ='2026-27 Salary & Benefits'!G$6 -> 16817.76 | R17: ='2026-27 Salary & Benefits'!H$6 -> 0.1602 | S17: ='2026-27 Salary & Benefits'!I$6 -> 0.1539 | T17: =ROUND(O17*R17+P17*S17+L17*Q17,2) -> 54392.73 | U17: =ROUND((($N17*$J17*$L17)/180)*3,2) -> 2488 | V17: =ROUND(U17*S17,2) -> 382.9 | W17: =SUM(U17:V17) -> 2870.9 | X17: =SUM(T17,O17:P17,W17) -> 206543.75
A18: 14005 | B18: Aberdeen | C18: 2763 | D18: Robert Gray Elementary | E18: =IFERROR(VLOOKUP($C18,'2025-26 School Level AAFTE'!$C$2:$L$2349,9,FALSE), "No") -> Yes | F18: =IFERROR(VLOOKUP($C18,'2025-26 School Level AAFTE'!$C$2:$J$2349,8,FALSE), 0) -> 211.48 | G18: =IFERROR(IF(E18= "yes",VLOOKUP(C18,Summary!$B:$I,6,0),0),0) -> 0 | H18: =IF(E18= "yes", F18,0) -> 211.48 | I18: =VLOOKUP($A18,'2026-27 Salary & Benefits'!$A:$I,3,FALSE) -> 1 | J18: =VLOOKUP($A18,'2026-27 Salary & Benefits'!$A:$I,4,FALSE) -> 1 | K18: =IF(G18>0,G18,H18) -> 211.48 | L18: =ROUND((($K18*1.1*36)/15)/900,3) -> 0.62 | M18: ='2026-27 Salary & Benefits'!$E$6 -> 78209 | N18: ='2026-27 Salary & Benefits'!$F$6 -> 82248 | O18: =ROUND($I18*$M18*$L18,2) -> 48489.58 | P18: =ROUND($J18*$N18*$L18,2)-O18 -> 2504.18 | Q18: ='2026-27 Salary & Benefits'!G$6 -> 16817.76 | R18: ='2026-27 Salary & Benefits'!H$6 -> 0.1602 | S18: ='2026-27 Salary & Benefits'!I$6 -> 0.1539 | T18: =ROUND(O18*R18+P18*S18+L18*Q18,2) -> 18580.44 | U18: =ROUND((($N18*$J18*$L18)/180)*3,2) -> 849.9 | V18: =ROUND(U18*S18,2) -> 130.8 | W18: =SUM(U18:V18) -> 980.7 | X18: =SUM(T18,O18:P18,W18) -> 70554.9
A19: 14005 | B19: Aberdeen | C19: 2971 | D19: Stevens Elementary School | E19: =IFERROR(VLOOKUP($C19,'2025-26 School Level AAFTE'!$C$2:$L$2349,9,FALSE), "No") -> Yes | F19: =IFERROR(VLOOKUP($C19,'2025-26 School Level AAFTE'!$C$2:$J$2349,8,FALSE), 0) -> 302.5 | G19: =IFERROR(IF(E19= "yes",VLOOKUP(C19,Summary!$B:$I,6,0),0),0) -> 0 | H19: =IF(E19= "yes", F19,0) -> 302.5 | I19: =VLOOKUP($A19,'2026-27 Salary & Benefits'!$A:$I,3,FALSE) -> 1 | J19: =VLOOKUP($A19,'2026-27 Salary & Benefits'!$A:$I,4,FALSE) -> 1 | K19: =IF(G19>0,G19,H19) -> 302.5 | L19: =ROUND((($K19*1.1*36)/15)/900,3) -> 0.887 | M19: ='2026-27 Salary & Benefits'!$E$6 -> 78209 | N19: ='2026-27 Salary & Benefits'!$F$6 -> 82248 | O19: =ROUND($I19*$M19*$L19,2) -> 69371.38 | P19: =ROUND($J19*$N19*$L19,2)-O19 -> 3582.6 | Q19: ='2026-27 Salary & Benefits'!G$6 -> 16817.76 | R19: ='2026-27 Salary & Benefits'!H$6 -> 0.1602 | S19: ='2026-27 Salary & Benefits'!I$6 -> 0.1539 | T19: =ROUND(O19*R19+P19*S19+L19*Q19,2) -> 26582.01 | U19: =ROUND((($N19*$J19*$L19)/180)*3,2) -> 1215.9 | V19: =ROUND(U19*S19,2) -> 187.13 | W19: =SUM(U19:V19) -> 1403.03 | X19: =SUM(T19,O19:P19,W19) -> 100939.02
A20: 14005 | B20: Aberdeen | C20: 5208 | D20: Twin Harbors - A Branch of New Market Skills Center | E20: =IFERROR(VLOOKUP($C20,'2025-26 School Level AAFTE'!$C$2:$L$2349,9,FALSE), "No") -> No | F20: =IFERROR(VLOOKUP($C20,'2025-26 School Level AAFTE'!$C$2:$J$2349,8,FALSE), 0) -> 61.84 | G20: =IFERROR(IF(E20= "yes",VLOOKUP(C20,Summary!$B:$I,6,0),0),0) -> 0 | H20: =IF(E20= "yes", F20,0) -> 0 | I20: =VLOOKUP($A20,'2026-27 Salary & Benefits'!$A:$I,3,FALSE) -> 1 | J20: =VLOOKUP($A20,'2026-27 Salary & Benefits'!$A:$I,4,FALSE) -> 1 | K20: =IF(G20>0,G20,H20) -> 0 | L20: =ROUND((($K20*1.1*36)/15)/900,3) -> 0 | M20: ='2026-27 Salary & Benefits'!$E$6 -> 78209 | N20: ='2026-27 Salary & Benefits'!$F$6 -> 82248 | O20: =ROUND($I20*$M20*$L20,2) -> 0 | P20: =ROUND($J20*$N20*$L20,2)-O20 -> 0 | Q20: ='2026-27 Salary & Benefits'!G$6 -> 16817.76 | R20: ='2026-27 Salary & Benefits'!H$6 -> 0.1602 | S20: ='2026-27 Salary & Benefits'!I$6 -> 0.1539 | T20: =ROUND(O20*R20+P20*S20+L20*Q20,2) -> 0 | U20: =ROUND((($N20*$J20*$L20)/180)*3,2) -> 0 | V20: =ROUND(U20*S20,2) -> 0 | W20: =SUM(U20:V20) -> 0 | X20: =SUM(T20,O20:P20,W20) -> 0
A21: 21226 | B21: Adna | C21: 2227 | D21: Adna Elementary School | E21: =IFERROR(VLOOKUP($C21,'2025-26 School Level AAFTE'!$C$2:$L$2349,9,FALSE), "No") -> No | F21: =IFERROR(VLOOKUP($C21,'2025-26 School Level AAFTE'!$C$2:$J$2349,8,FALSE), 0) -> 255.48 | G21: =IFERROR(IF(E21= "yes",VLOOKUP(C21,Summary!$B:$I,6,0),0),0) -> 0 | H21: =IF(E21= "yes", F21,0) -> 0 | I21: =VLOOKUP($A21,'2026-27 Salary & Benefits'!$A:$I,3,FALSE) -> 1 | J21: =VLOOKUP($A21,'2026-27 Salary & Benefits'!$A:$I,4,FALSE) -> 1.04 | K21: =IF(G21>0,G21,H21) -> 0 | L21: =ROUND((($K21*1.1*36)/15)/900,3) -> 0 | M21: ='2026-27 Salary & Benefits'!$E$6 -> 78209 | N21: ='2026-27 Salary & Benefits'!$F$6 -> 82248 | O21: =ROUND($I21*$M21*$L21,2) -> 0 | P21: =ROUND($J21*$N21*$L21,2)-O21 -> 0 | Q21: ='2026-27 Salary & Benefits'!G$6 -> 16817.76 | R21: ='2026-27 Salary & Benefits'!H$6 -> 0.1602 | S21: ='2026-27 Salary & Benefits'!I$6 -> 0.1539 | T21: =ROUND(O21*R21+P21*S21+L21*Q21,2) -> 0 | U21: =ROUND((($N21*$J21*$L21)/180)*3,2) -> 0 | V21: =ROUND(U21*S21,2) -> 0 | W21: =SUM(U21:V21) -> 0 | X21: =SUM(T21,O21:P21,W21) -> 0
A22: 21226 | B22: Adna | C22: 2441 | D22: Adna Middle/High School | E22: =IFERROR(VLOOKUP($C22,'2025-26 School Level AAFTE'!$C$2:$L$2349,9,FALSE), "No") -> No | F22: =IFERROR(VLOOKUP($C22,'2025-26 School Level AAFTE'!$C$2:$J$2349,8,FALSE), 0) -> 380.03 | G22: =IFERROR(IF(E22= "yes",VLOOKUP(C22,Summary!$B:$I,6,0),0),0) -> 0 | H22: =IF(E22= "yes", F22,0) -> 0 | I22: =VLOOKUP($A22,'2026-27 Salary & Benefits'!$A:$I,3,FALSE) -> 1 | J22: =VLOOKUP($A22,'2026-27 Salary & Benefits'!$A:$I,4,FALSE) -> 1.04 | K22: =IF(G22>0,G22,H22) -> 0 | L22: =ROUND((($K22*1.1*36)/15)/900,3) -> 0 | M22: ='2026-27 Salary & Benefits'!$E$6 -> 78209 | N22: ='2026-27 Salary & Benefits'!$F$6 -> 82248 | O22: =ROUND($I22*$M22*$L22,2) -> 0 | P22: =ROUND($J22*$N22*$L22,2)-O22 -> 0 | Q22: ='2026-27 Salary & Benefits'!G$6 -> 16817.76 | R22: ='2026-27 Salary & Benefits'!H$6 -> 0.1602 | S22: ='2026-27 Salary & Benefits'!I$6 -> 0.1539 | T22: =ROUND(O22*R22+P22*S22+L22*Q22,2) -> 0 | U22: =ROUND((($N22*$J22*$L22)/180)*3,2) -> 0 | V22: =ROUND(U22*S22,2) -> 0 | W22: =SUM(U22:V22) -> 0 | X22: =SUM(T22,O22:P22,W22) -> 0
A23: 22017 | B23: Almira | C23: 2860 | D23: Almira Elementary School | E23: =IFERROR(VLOOKUP($C23,'2025-26 School Level AAFTE'!$C$2:$L$2349,9,FALSE), "No") -> No | F23: =IFERROR(VLOOKUP($C23,'2025-26 School Level AAFTE'!$C$2:$J$2349,8,FALSE), 0) -> 104.68 | G23: =IFERROR(IF(E23= "yes",VLOOKUP(C23,Summary!$B:$I,6,0),0),0) -> 0 | H23: =IF(E23= "yes", F23,0) -> 0 | I23: =VLOOKUP($A23,'2026-27 Salary & Benefits'!$A:$I,3,FALSE) -> 1 | J23: =VLOOKUP($A23,'2026-27 Salary & Benefits'!$A:$I,4,FALSE) -> 1 | K23: =IF(G23>0,G23,H23) -> 0 | L23: =ROUND((($K23*1.1*36)/15)/900,3) -> 0 | M23: ='2026-27 Salary & Benefits'!$E$6 -> 78209 | N23: ='2026-27 Salary & Benefits'!$F$6 -> 82248 | O23: =ROUND($I23*$M23*$L23,2) -> 0 | P23: =ROUND($J23*$N23*$L23,2)-O23 -> 0 | Q23: ='2026-27 Salary & Benefits'!G$6 -> 16817.76 | R23: ='2026-27 Salary & Benefits'!H$6 -> 0.1602 | S23: ='2026-27 Salary & Benefits'!I$6 -> 0.1539 | T23: =ROUND(O23*R23+P23*S23+L23*Q23,2) -> 0 | U23: =ROUND((($N23*$J23*$L23)/180)*3,2) -> 0 | V23: =ROUND(U23*S23,2) -> 0 | W23: =SUM(U23:V23) -> 0 | X23: =SUM(T23,O23:P23,W23) -> 0
... A2336: 39205 | B2336: Zillah | C2336: 4481 | D2336: Zillah Middle School | E2336: =IFERROR(VLOOKUP($C2336,'2025-26 School Level AAFTE'!$C$2:$L$2349,9,FALSE), "No") -> Yes | F2336: =IFERROR(VLOOKUP($C2336,'2025-26 School Level AAFTE'!$C$2:$J$2349,8,FALSE), 0) -> 305.5 | G2336: =IFERROR(IF(E2336= "yes",VLOOKUP(C2336,Summary!$B:$I,6,0),0),0) -> 0 | H2336: =IF(E2336= "yes", F2336,0) -> 305.5 | I2336: =VLOOKUP($A2336,'2026-27 Salary & Benefits'!$A:$I,3,FALSE) -> 1 | J2336: =VLOOKUP($A2336,'2026-27 Salary & Benefits'!$A:$I,4,FALSE) -> 1 | K2336: =IF(G2336>0,G2336,H2336) -> 305.5 | L2336: =ROUND((($K2336*1.1*36)/15)/900,3) -> 0.896 | M2336: ='2026-27 Salary & Benefits'!$E$6 -> 78209 | N2336: ='2026-27 Salary & Benefits'!$F$6 -> 82248 | O2336: =ROUND($I2336*$M2336*$L2336,2) -> 70075.26 | P2336: =ROUND($J2336*$N2336*$L2336,2)-O2336 -> 3618.95 | Q2336: ='2026-27 Salary & Benefits'!G$6 -> 16817.76 | R2336: ='2026-27 Salary & Benefits'!H$6 -> 0.1602 | S2336: ='2026-27 Salary & Benefits'!I$6 -> 0.1539 | T2336: =ROUND(O2336*R2336+P2336*S2336+L2336*Q2336,2) -> 26851.73 | U2336: =ROUND((($N2336*$J2336*$L2336)/180)*3,2) -> 1228.24 | V2336: =ROUND(U2336*S2336,2) -> 189.03 | W2336: =SUM(U2336:V2336) -> 1417.27 | X2336: =SUM(T2336,O2336:P2336,W2336) -> 101963.21

Sheet download file
A1: LAP Approved | C1: 1=approved/0=not approved | F1: LAP HiPov Enrollment (approved)
A2: CCDDD | B2: ITEM | C2: (1/0) | D2: FLAG | F2: CCDDD | G2: ITEM | H2: C1hp | I2: AAFTE approved | L2: CCDDD | M2: District
A3: =L3 -> 01109 | B3: S005 | C3: 1 | D3: =IFERROR(IF(C3=1, "Funded: Complete", "NOT Funded: Contact LAP Team for funding status"), "NONE") -> Funded: Complete | F3: =L3 -> 01109 | G3: C1hp | H3: =VLOOKUP(F3, '2025-26 School Level AAFTE'!$Q$3:$T$320,3,0) -> 59.25 | I3: 59.25 | L3: 01109 | M3: Washtucna School District
A4: =L4 -> 01122 | B4: S005 | C4: 0 | D4: =IFERROR(IF(C4=1, "Funded: Complete", "NOT Funded: Contact LAP Team for funding status"), "NONE") -> NOT Funded: Contact LAP Team for funding status | F4: =L4 -> 01122 | G4: C1hp | H4: =VLOOKUP(F4, '2025-26 School Level AAFTE'!$Q$3:$T$320,3,0) -> 0 | I4: 0 | L4: 01122 | M4: Benge School District
A5: =L5 -> 01147 | B5: S005 | C5: 1 | D5: =IFERROR(IF(C5=1, "Funded: Complete", "NOT Funded: Contact LAP Team for funding status"), "NONE") -> Funded: Complete | F5: =L5 -> 01147 | G5: C1hp | H5: =VLOOKUP(F5, '2025-26 School Level AAFTE'!$Q$3:$T$320,3,0) -> 4389.29 | I5: 4389.29 | L5: 01147 | M5: Othello School District
A6: =L6 -> 01158 | B6: S005 | C6: 1 | D6: =IFERROR(IF(C6=1, "Funded: Complete", "NOT Funded: Contact LAP Team for funding status"), "NONE") -> Funded: Complete | F6: =L6 -> 01158 | G6: C1hp | H6: =VLOOKUP(F6, '2025-26 School Level AAFTE'!$Q$3:$T$320,3,0) -> 158.61 | I6: 158.61 | L6: 01158 | M6: Lind School District
A7: =L7 -> 01160 | B7: S005 | C7: 1 | D7: =IFERROR(IF(C7=1, "Funded: Complete", "NOT Funded: Contact LAP Team for funding status"), "NONE") -> Funded: Complete | F7: =L7 -> 01160 | G7: C1hp | H7: =VLOOKUP(F7, '2025-26 School Level AAFTE'!$Q$3:$T$320,3,0) -> 155.7 | I7: 155.7 | L7: 01160 | M7: Ritzville School District
A8: =L8 -> 02250 | B8: S005 | C8: 1 | D8: =IFERROR(IF(C8=1, "Funded: Complete", "NOT Funded: Contact LAP Team for funding status"), "NONE") -> Funded: Complete | F8: =L8 -> 02250 | G8: C1hp | H8: =VLOOKUP(F8, '2025-26 School Level AAFTE'!$Q$3:$T$320,3,0) -> 1280.28 | I8: 1280.28 | L8: 02250 | M8: Clarkston School District
A9: =L9 -> 02420 | B9: S005 | C9: 1 | D9: =IFERROR(IF(C9=1, "Funded: Complete", "NOT Funded: Contact LAP Team for funding status"), "NONE") -> Funded: Complete | F9: =L9 -> 02420 | G9: C1hp | H9: =VLOOKUP(F9, '2025-26 School Level AAFTE'!$Q$3:$T$320,3,0) -> 0 | I9: 0 | L9: 02420 | M9: Asotin-Anatone School District
A10: =L10 -> 03017 | B10: S005 | C10: 1 | D10: =IFERROR(IF(C10=1, "Funded: Complete", "NOT Funded: Contact LAP Team for funding status"), "NONE") -> Funded: Complete | F10: =L10 -> 03017 | G10: C1hp | H10: =VLOOKUP(F10, '2025-26 School Level AAFTE'!$Q$3:$T$320,3,0) -> 12575.72 | I10: 12575.72 | L10: 03017 | M10: Kennewick School District
A11: =L11 -> 03050 | B11: S005 | C11: 1 | D11: =IFERROR(IF(C11=1, "Funded: Complete", "NOT Funded: Contact LAP Team for funding status"), "NONE") -> Funded: Complete | F11: =L11 -> 03050 | G11: C1hp | H11: =VLOOKUP(F11, '2025-26 School Level AAFTE'!$Q$3:$T$320,3,0) -> 140.4 | I11: 140.4 | L11: 03050 | M11: Paterson School District
A12: =L12 -> 03052 | B12: S005 | C12: 1 | D12: =IFERROR(IF(C12=1, "Funded: Complete", "NOT Funded: Contact LAP Team for funding status"), "NONE") -> Funded: Complete | F12: =L12 -> 03052 | G12: C1hp | H12: =VLOOKUP(F12, '2025-26 School Level AAFTE'!$Q$3:$T$320,3,0) -> 1275.37 | I12: 1275.37 | L12: 03052 | M12: Kiona-Benton City School District
A13: =L13 -> 03053 | B13: S005 | C13: 1 | D13: =IFERROR(IF(C13=1, "Funded: Complete", "NOT Funded: Contact LAP Team for funding status"), "NONE") -> Funded: Complete | F13: =L13 -> 03053 | G13: C1hp | H13: =VLOOKUP(F13, '2025-26 School Level AAFTE'!$Q$3:$T$320,3,0) -> 852.63 | I13: 852.63 | L13: 03053 | M13: Finley School District
A14: =L14 -> 03116 | B14: S005 | C14: 1 | D14: =IFERROR(IF(C14=1, "Funded: Complete", "NOT Funded: Contact LAP Team for funding status"), "NONE") -> Funded: Complete | F14: =L14 -> 03116 | G14: C1hp | H14: =VLOOKUP(F14, '2025-26 School Level AAFTE'!$Q$3:$T$320,3,0) -> 2429.96 | I14: 2429.96 | L14: 03116 | M14: Prosser School District
... A320: =L320 -> 39901 | B320: S005 | C320: 0 | D320: =IFERROR(IF(C320=1, "Funded: Complete", "NOT Funded: Contact LAP Team for funding status"), "NONE") -> NOT Funded: Contact LAP Team for funding status | F320: =L320 -> 39901 | G320: C1hp | H320: =VLOOKUP(F320, '2025-26 School Level AAFTE'!$Q$3:$T$320,3,0) -> 0 | I320: 0 | L320: 39901 | M320: Yakama Nation Tribal Compact
C321: =SUM(C3:C320) -> 309 | I321: =SUM(I3:I320) -> 468957.82

Sheet District LAP Calculation
A1: =COLUMN(A1) -> 1 | B1: =COLUMN(B1) -> 2 | C1: =COLUMN(C1) -> 3 | D1: =COLUMN(D1) -> 4 | E1: =COLUMN(E1) -> 5 | F1: =COLUMN(F1) -> 6 | G1: =COLUMN(G1) -> 7 | H1: =COLUMN(H1) -> 8 | ... V1: =COLUMN(V1) -> 22
A4: CCDDD | B4: District | C4: ='HP Schools Calculation'!G9 -> Adjusted 2025-26 AAFTE w/TK | D4: =Summary!G8 -> Final 2025-26 AAFTE w/TK (Should match F-203) | E4: ='2026-27 Salary & Benefits'!C5 -> 2026-27 Reg Base | F4: ='2026-27 Salary & Benefits'!D5 -> 2026-27 Reg Inc | G4: ='CEDARS District FRPL'!C2 -> % Used for 2026-27 LAP Funding | H4: Total Prior Year AAFTE | I4: LAP FTE | J4: Staff Units | K4: CIS Sal | L4: CIS Sal Inc | M4: LAP CIS Salary/YR | N4: LAP CIS Salary Incr/YR | O4: LAP CIS Health Ins Inc Rate | P4: LAP CIS Fringe Benefit Rate | Q4: LAP CIS Fringe Benefit Inc Rate | R4: Fringe + Health | S4: LAP Prof Learning Days Salaries | T4: LAP Prof Learning Days Fringe Benefit | U4: LAP Prof Learning Days Total | V4: LAP District Base Allocation
A5: 14005 | B5: Aberdeen School District | C5: =IF(A5=Summary!$B$9,Summary!$G$9,0) -> 0 | D5: =VLOOKUP(A5,AAFTE!$A:$AT,3,0) -> 3015.64 | E5: =VLOOKUP($A5,'2026-27 Salary & Benefits'!$A:$I,3,) -> 1 | F5: =VLOOKUP($A5,'2026-27 Salary & Benefits'!$A:$I,4,) -> 1 | G5: =VLOOKUP(A5,'CEDARS District FRPL'!$A$3:$C$319,3,0) -> 0.6818 | H5: =IF(C5>0,C5,D5) -> 3015.64 | I5: =ROUND(H5*G5,2) -> 2056.06 | J5: =ROUND((($I5*2.3975*36)/15)/900,3) -> 13.145 | K5: ='2026-27 Salary & Benefits'!E$6 -> 78209 | L5: ='2026-27 Salary & Benefits'!F$6 -> 82248 | M5: =ROUND($E5*$K5*$J5,2) -> 1028057.3 | N5: =ROUND($L5*$F5*$J5,2)-$M5 -> 53092.65 | O5: ='2026-27 Salary & Benefits'!G$6 -> 16817.76 | P5: ='2026-27 Salary & Benefits'!H$6 -> 0.1602 | Q5: ='2026-27 Salary & Benefits'!I$6 -> 0.1539 | R5: =ROUND(M5*P5+N5*Q5+J5*O5,2) -> 393935.2 | S5: =ROUND(((($L5*$F5*$J5)/180)*3),2) -> 18019.17 | T5: =ROUND(S5*Q5,2) -> 2773.15 | U5: =SUM(S5:T5) -> 20792.32 | V5: =SUM(R5,M5:N5,U5) -> 1495877.5
A6: 21226 | B6: Adna School District | C6: =IF(A6=Summary!$B$9,Summary!$G$9,0) -> 0 | D6: =VLOOKUP(A6,AAFTE!$A:$AT,3,0) -> 635.52 | E6: =VLOOKUP($A6,'2026-27 Salary & Benefits'!$A:$I,3,) -> 1 | F6: =VLOOKUP($A6,'2026-27 Salary & Benefits'!$A:$I,4,) -> 1.04 | G6: =VLOOKUP(A6,'CEDARS District FRPL'!$A$3:$C$319,3,0) -> 0.2037 | H6: =IF(C6>0,C6,D6) -> 635.52 | I6: =ROUND(H6*G6,2) -> 129.46 | J6: =ROUND((($I6*2.3975*36)/15)/900,3) -> 0.828 | K6: ='2026-27 Salary & Benefits'!E$6 -> 78209 | L6: ='2026-27 Salary & Benefits'!F$6 -> 82248 | M6: =ROUND($E6*$K6*$J6,2) -> 64757.05 | N6: =ROUND($L6*$F6*$J6,2)-$M6 -> 6068.35 | O6: ='2026-27 Salary & Benefits'!G$6 -> 16817.76 | P6: ='2026-27 Salary & Benefits'!H$6 -> 0.1602 | Q6: ='2026-27 Salary & Benefits'!I$6 -> 0.1539 | R6: =ROUND(M6*P6+N6*Q6+J6*O6,2) -> 25233.1 | S6: =ROUND(((($L6*$F6*$J6)/180)*3),2) -> 1180.42 | T6: =ROUND(S6*Q6,2) -> 181.67 | U6: =SUM(S6:T6) -> 1362.09 | V6: =SUM(R6,M6:N6,U6) -> 97420.59
A7: 22017 | B7: Almira School District | C7: =IF(A7=Summary!$B$9,Summary!$G$9,0) -> 0 | D7: =VLOOKUP(A7,AAFTE!$A:$AT,3,0) -> 104.69 | E7: =VLOOKUP($A7,'2026-27 Salary & Benefits'!$A:$I,3,) -> 1 | F7: =VLOOKUP($A7,'2026-27 Salary & Benefits'!$A:$I,4,) -> 1 | G7: =VLOOKUP(A7,'CEDARS District FRPL'!$A$3:$C$319,3,0) -> 0.3893 | H7: =IF(C7>0,C7,D7) -> 104.69 | I7: =ROUND(H7*G7,2) -> 40.76 | J7: =ROUND((($I7*2.3975*36)/15)/900,3) -> 0.261 | K7: ='2026-27 Salary & Benefits'!E$6 -> 78209 | L7: ='2026-27 Salary & Benefits'!F$6 -> 82248 | M7: =ROUND($E7*$K7*$J7,2) -> 20412.55 | N7: =ROUND($L7*$F7*$J7,2)-$M7 -> 1054.18 | O7: ='2026-27 Salary & Benefits'!G$6 -> 16817.76 | P7: ='2026-27 Salary & Benefits'!H$6 -> 0.1602 | Q7: ='2026-27 Salary & Benefits'!I$6 -> 0.1539 | R7: =ROUND(M7*P7+N7*Q7+J7*O7,2) -> 7821.76 | S7: =ROUND(((($L7*$F7*$J7)/180)*3),2) -> 357.78 | T7: =ROUND(S7*Q7,2) -> 55.06 | U7: =SUM(S7:T7) -> 412.84 | V7: =SUM(R7,M7:N7,U7) -> 29701.33
A8: 29103 | B8: Anacortes School District | C8: =IF(A8=Summary!$B$9,Summary!$G$9,0) -> 0 | D8: =VLOOKUP(A8,AAFTE!$A:$AT,3,0) -> 2537.47 | E8: =VLOOKUP($A8,'2026-27 Salary & Benefits'!$A:$I,3,) -> 1.12 | F8: =VLOOKUP($A8,'2026-27 Salary & Benefits'!$A:$I,4,) -> 1.16 | G8: =VLOOKUP(A8,'CEDARS District FRPL'!$A$3:$C$319,3,0) -> 0.3023 | H8: =IF(C8>0,C8,D8) -> 2537.47 | I8: =ROUND(H8*G8,2) -> 767.08 | J8: =ROUND((($I8*2.3975*36)/15)/900,3) -> 4.904 | K8: ='2026-27 Salary & Benefits'!E$6 -> 78209 | L8: ='2026-27 Salary & Benefits'!F$6 -> 82248 | M8: =ROUND($E8*$K8*$J8,2) -> 429561.37 | N8: =ROUND($L8*$F8*$J8,2)-$M8 -> 38317.89 | O8: ='2026-27 Salary & Benefits'!G$6 -> 16817.76 | P8: ='2026-27 Salary & Benefits'!H$6 -> 0.1602 | Q8: ='2026-27 Salary & Benefits'!I$6 -> 0.1539 | R8: =ROUND(M8*P8+N8*Q8+J8*O8,2) -> 157187.15 | S8: =ROUND(((($L8*$F8*$J8)/180)*3),2) -> 7797.99 | T8: =ROUND(S8*Q8,2) -> 1200.11 | U8: =SUM(S8:T8) -> 8998.1 | V8: =SUM(R8,M8:N8,U8) -> 634064.51
A9: 31016 | B9: Arlington School District | C9: =IF(A9=Summary!$B$9,Summary!$G$9,0) -> 0 | D9: =VLOOKUP(A9,AAFTE!$A:$AT,3,0) -> 5429.43 | E9: =VLOOKUP($A9,'2026-27 Salary & Benefits'!$A:$I,3,) -> 1.12 | F9: =VLOOKUP($A9,'2026-27 Salary & Benefits'!$A:$I,4,) -> 1.16 | G9: =VLOOKUP(A9,'CEDARS District FRPL'!$A$3:$C$319,3,0) -> 0.3995 | H9: =IF(C9>0,C9,D9) -> 5429.43 | I9: =ROUND(H9*G9,2) -> 2169.06 | J9: =ROUND((($I9*2.3975*36)/15)/900,3) -> 13.868 | K9: ='2026-27 Salary & Benefits'!E$6 -> 78209 | L9: ='2026-27 Salary & Benefits'!F$6 -> 82248 | M9: =ROUND($E9*$K9*$J9,2) -> 1214754.7 | N9: =ROUND($L9*$F9*$J9,2)-$M9 -> 108359.01 | O9: ='2026-27 Salary & Benefits'!G$6 -> 16817.76 | P9: ='2026-27 Salary & Benefits'!H$6 -> 0.1602 | Q9: ='2026-27 Salary & Benefits'!I$6 -> 0.1539 | R9: =ROUND(M9*P9+N9*Q9+J9*O9,2) -> 444508.85 | S9: =ROUND(((($L9*$F9*$J9)/180)*3),2) -> 22051.9 | T9: =ROUND(S9*Q9,2) -> 3393.79 | U9: =SUM(S9:T9) -> 25445.69 | V9: =SUM(R9,M9:N9,U9) -> 1793068.2
A10: 02420 | B10: Asotin-Anatone School District | C10: =IF(A10=Summary!$B$9,Summary!$G$9,0) -> 0 | D10: =VLOOKUP(A10,AAFTE!$A:$AT,3,0) -> 656.82 | E10: =VLOOKUP($A10,'2026-27 Salary & Benefits'!$A:$I,3,) -> 1 | F10: =VLOOKUP($A10,'2026-27 Salary & Benefits'!$A:$I,4,) -> 1 | G10: =VLOOKUP(A10,'CEDARS District FRPL'!$A$3:$C$319,3,0) -> 0.3258 | H10: =IF(C10>0,C10,D10) -> 656.82 | I10: =ROUND(H10*G10,2) -> 213.99 | J10: =ROUND((($I10*2.3975*36)/15)/900,3) -> 1.368 | K10: ='2026-27 Salary & Benefits'!E$6 -> 78209 | L10: ='2026-27 Salary & Benefits'!F$6 -> 82248 | M10: =ROUND($E10*$K10*$J10,2) -> 106989.91 | N10: =ROUND($L10*$F10*$J10,2)-$M10 -> 5525.35 | O10: ='2026-27 Salary & Benefits'!G$6 -> 16817.76 | P10: ='2026-27 Salary & Benefits'!H$6 -> 0.1602 | Q10: ='2026-27 Salary & Benefits'!I$6 -> 0.1539 | R10: =ROUND(M10*P10+N10*Q10+J10*O10,2) -> 40996.83 | S10: =ROUND(((($L10*$F10*$J10)/180)*3),2) -> 1875.25 | T10: =ROUND(S10*Q10,2) -> 288.6 | U10: =SUM(S10:T10) -> 2163.85 | V10: =SUM(R10,M10:N10,U10) -> 155675.94
A11: 17408 | B11: Auburn School District | C11: =IF(A11=Summary!$B$9,Summary!$G$9,0) -> 0 | D11: =VLOOKUP(A11,AAFTE!$A:$AT,3,0) -> 17244.31 | E11: =VLOOKUP($A11,'2026-27 Salary & Benefits'!$A:$I,3,) -> 1.12 | F11: =VLOOKUP($A11,'2026-27 Salary & Benefits'!$A:$I,4,) -> 1.12 | G11: =VLOOKUP(A11,'CEDARS District FRPL'!$A$3:$C$319,3,0) -> 0.5684 | H11: =IF(C11>0,C11,D11) -> 17244.31 | I11: =ROUND(H11*G11,2) -> 9801.67 | J11: =ROUND((($I11*2.3975*36)/15)/900,3) -> 62.665 | K11: ='2026-27 Salary & Benefits'!E$6 -> 78209 | L11: ='2026-27 Salary & Benefits'!F$6 -> 82248 | M11: =ROUND($E11*$K11*$J11,2) -> 5489083 | N11: =ROUND($L11*$F11*$J11,2)-$M11 -> 283476.41 | O11: ='2026-27 Salary & Benefits'!G$6 -> 16817.76 | P11: ='2026-27 Salary & Benefits'!H$6 -> 0.1602 | Q11: ='2026-27 Salary & Benefits'!I$6 -> 0.1539 | R11: =ROUND(M11*P11+N11*Q11+J11*O11,2) -> 1976863.1 | S11: =ROUND(((($L11*$F11*$J11)/180)*3),2) -> 96209.32 | T11: =ROUND(S11*Q11,2) -> 14806.61 | U11: =SUM(S11:T11) -> 111015.93 | V11: =SUM(R11,M11:N11,U11) -> 7860438.4
A12: 18303 | B12: Bainbridge Island School District | C12: =IF(A12=Summary!$B$9,Summary!$G$9,0) -> 0 | D12: =VLOOKUP(A12,AAFTE!$A:$AT,3,0) -> 3356.09 | E12: =VLOOKUP($A12,'2026-27 Salary & Benefits'!$A:$I,3,) -> 1.18 | F12: =VLOOKUP($A12,'2026-27 Salary & Benefits'!$A:$I,4,) -> 1.22 | G12: =VLOOKUP(A12,'CEDARS District FRPL'!$A$3:$C$319,3,0) -> 0.1103 | H12: =IF(C12>0,C12,D12) -> 3356.09 | I12: =ROUND(H12*G12,2) -> 370.18 | J12: =ROUND((($I12*2.3975*36)/15)/900,3) -> 2.367 | K12: ='2026-27 Salary & Benefits'!E$6 -> 78209 | L12: ='2026-27 Salary & Benefits'!F$6 -> 82248 | M12: =ROUND($E12*$K12*$J12,2) -> 218442.43 | N12: =ROUND($L12*$F12*$J12,2)-$M12 -> 19068.41 | O12: ='2026-27 Salary & Benefits'!G$6 -> 16817.76 | P12: ='2026-27 Salary & Benefits'!H$6 -> 0.1602 | Q12: ='2026-27 Salary & Benefits'!I$6 -> 0.1539 | R12: =ROUND(M12*P12+N12*Q12+J12*O12,2) -> 77736.74 | S12: =ROUND(((($L12*$F12*$J12)/180)*3),2) -> 3958.51 | T12: =ROUND(S12*Q12,2) -> 609.21 | U12: =SUM(S12:T12) -> 4567.72 | V12: =SUM(R12,M12:N12,U12) -> 319815.3
A13: 06119 | B13: Battle Ground School District | C13: =IF(A13=Summary!$B$9,Summary!$G$9,0) -> 0 | D13: =VLOOKUP(A13,AAFTE!$A:$AT,3,0) -> 12496.81 | E13: =VLOOKUP($A13,'2026-27 Salary & Benefits'!$A:$I,3,) -> 1.06 | F13: =VLOOKUP($A13,'2026-27 Salary & Benefits'!$A:$I,4,) -> 1.1 | G13: =VLOOKUP(A13,'CEDARS District FRPL'!$A$3:$C$319,3,0) -> 0.3851 | H13: =IF(C13>0,C13,D13) -> 12496.81 | I13: =ROUND(H13*G13,2) -> 4812.52 | J13: =ROUND((($I13*2.3975*36)/15)/900,3) -> 30.768 | K13: ='2026-27 Salary & Benefits'!E$6 -> 78209 | L13: ='2026-27 Salary & Benefits'!F$6 -> 82248 | M13: =ROUND($E13*$K13*$J13,2) -> 2550714.6 | N13: =ROUND($L13*$F13*$J13,2)-$M13 -> 232952.53 | O13: ='2026-27 Salary & Benefits'!G$6 -> 16817.76 | P13: ='2026-27 Salary & Benefits'!H$6 -> 0.1602 | Q13: ='2026-27 Salary & Benefits'!I$6 -> 0.1539 | R13: =ROUND(M13*P13+N13*Q13+J13*O13,2) -> 961924.71 | S13: =ROUND(((($L13*$F13*$J13)/180)*3),2) -> 46394.45 | T13: =ROUND(S13*Q13,2) -> 7140.11 | U13: =SUM(S13:T13) -> 53534.56 | V13: =SUM(R13,M13:N13,U13) -> 3799126.4
A14: 17405 | B14: Bellevue School District | C14: =IF(A14=Summary!$B$9,Summary!$G$9,0) -> 0 | D14: =VLOOKUP(A14,AAFTE!$A:$AT,3,0) -> 19839.41 | E14: =VLOOKUP($A14,'2026-27 Salary & Benefits'!$A:$I,3,) -> 1.18 | F14: =VLOOKUP($A14,'2026-27 Salary & Benefits'!$A:$I,4,) -> 1.18 | G14: =VLOOKUP(A14,'CEDARS District FRPL'!$A$3:$C$319,3,0) -> 0.2228 | H14: =IF(C14>0,C14,D14) -> 19839.41 | I14: =ROUND(H14*G14,2) -> 4420.22 | J14: =ROUND((($I14*2.3975*36)/15)/900,3) -> 28.26 | K14: ='2026-27 Salary & Benefits'!E$6 -> 78209 | L14: ='2026-27 Salary & Benefits'!F$6 -> 82248 | M14: =ROUND($E14*$K14*$J14,2) -> 2608019.9 | N14: =ROUND($L14*$F14*$J14,2)-$M14 -> 134687.73 | O14: ='2026-27 Salary & Benefits'!G$6 -> 16817.76 | P14: ='2026-27 Salary & Benefits'!H$6 -> 0.1602 | Q14: ='2026-27 Salary & Benefits'!I$6 -> 0.1539 | R14: =ROUND(M14*P14+N14*Q14+J14*O14,2) -> 913803.12 | S14: =ROUND(((($L14*$F14*$J14)/180)*3),2) -> 45711.79 | T14: =ROUND(S14*Q14,2) -> 7035.04 | U14: =SUM(S14:T14) -> 52746.83 | V14: =SUM(R14,M14:N14,U14) -> 3709257.6
A15: 37501 | B15: Bellingham School District | C15: =IF(A15=Summary!$B$9,Summary!$G$9,0) -> 0 | D15: =VLOOKUP(A15,AAFTE!$A:$AT,3,0) -> 10926.8 | E15: =VLOOKUP($A15,'2026-27 Salary & Benefits'!$A:$I,3,) -> 1.06 | F15: =VLOOKUP($A15,'2026-27 Salary & Benefits'!$A:$I,4,) -> 1.06 | G15: =VLOOKUP(A15,'CEDARS District FRPL'!$A$3:$C$319,3,0) -> 0.3931 | H15: =IF(C15>0,C15,D15) -> 10926.8 | I15: =ROUND(H15*G15,2) -> 4295.33 | J15: =ROUND((($I15*2.3975*36)/15)/900,3) -> 27.461 | K15: ='2026-27 Salary & Benefits'!E$6 -> 78209 | L15: ='2026-27 Salary & Benefits'!F$6 -> 82248 | M15: =ROUND($E15*$K15*$J15,2) -> 2276559.2 | N15: =ROUND($L15*$F15*$J15,2)-$M15 -> 117569.88 | O15: ='2026-27 Salary & Benefits'!G$6 -> 16817.76 | P15: ='2026-27 Salary & Benefits'!H$6 -> 0.1602 | Q15: ='2026-27 Salary & Benefits'!I$6 -> 0.1539 | R15: =ROUND(M15*P15+N15*Q15+J15*O15,2) -> 844631.29 | S15: =ROUND(((($L15*$F15*$J15)/180)*3),2) -> 39902.15 | T15: =ROUND(S15*Q15,2) -> 6140.94 | U15: =SUM(S15:T15) -> 46043.09 | V15: =SUM(R15,M15:N15,U15) -> 3284803.4
A16: 01122 | B16: Benge School District | C16: =IF(A16=Summary!$B$9,Summary!$G$9,0) -> 0 | D16: =VLOOKUP(A16,AAFTE!$A:$AT,3,0) -> 8.2 | E16: =VLOOKUP($A16,'2026-27 Salary & Benefits'!$A:$I,3,) -> 1 | F16: =VLOOKUP($A16,'2026-27 Salary & Benefits'!$A:$I,4,) -> 1 | G16: =VLOOKUP(A16,'CEDARS District FRPL'!$A$3:$C$319,3,0) -> 0 | H16: =IF(C16>0,C16,D16) -> 8.2 | I16: =ROUND(H16*G16,2) -> 0 | J16: =ROUND((($I16*2.3975*36)/15)/900,3) -> 0 | K16: ='2026-27 Salary & Benefits'!E$6 -> 78209 | L16: ='2026-27 Salary & Benefits'!F$6 -> 82248 | M16: =ROUND($E16*$K16*$J16,2) -> 0 | N16: =ROUND($L16*$F16*$J16,2)-$M16 -> 0 | O16: ='2026-27 Salary & Benefits'!G$6 -> 16817.76 | P16: ='2026-27 Salary & Benefits'!H$6 -> 0.1602 | Q16: ='2026-27 Salary & Benefits'!I$6 -> 0.1539 | R16: =ROUND(M16*P16+N16*Q16+J16*O16,2) -> 0 | S16: =ROUND(((($L16*$F16*$J16)/180)*3),2) -> 0 | T16: =ROUND(S16*Q16,2) -> 0 | U16: =SUM(S16:T16) -> 0 | V16: =SUM(R16,M16:N16,U16) -> 0
... A321: 34002 | B321: Yelm School District | C321: =IF(A321=Summary!$B$9,Summary!$G$9,0) -> 0 | D321: =VLOOKUP(A321,AAFTE!$A:$AT,3,0) -> 5300.79 | E321: =VLOOKUP($A321,'2026-27 Salary & Benefits'!$A:$I,3,) -> 1.06 | F321: =VLOOKUP($A321,'2026-27 Salary & Benefits'!$A:$I,4,) -> 1.06 | G321: =VLOOKUP(A321,'CEDARS District FRPL'!$A$3:$C$319,3,0) -> 0.4656 | H321: =IF(C321>0,C321,D321) -> 5300.79 | I321: =ROUND(H321*G321,2) -> 2468.05 | J321: =ROUND((($I321*2.3975*36)/15)/900,3) -> 15.779 | K321: ='2026-27 Salary & Benefits'!E$6 -> 78209 | L321: ='2026-27 Salary & Benefits'!F$6 -> 82248 | M321: =ROUND($E321*$K321*$J321,2) -> 1308103.4 | N321: =ROUND($L321*$F321*$J321,2)-$M321 -> 67555.26 | O321: ='2026-27 Salary & Benefits'!G$6 -> 16817.76 | P321: ='2026-27 Salary & Benefits'!H$6 -> 0.1602 | Q321: ='2026-27 Salary & Benefits'!I$6 -> 0.1539 | R321: =ROUND(M321*P321+N321*Q321+J321*O321,2) -> 485322.35 | S321: =ROUND(((($L321*$F321*$J321)/180)*3),2) -> 22927.64 | T321: =ROUND(S321*Q321,2) -> 3528.56 | U321: =SUM(S321:T321) -> 26456.2 | V321: =SUM(R321,M321:N321,U321) -> 1887437.2
A322: 39205 | B322: Zillah School District | C322: =IF(A322=Summary!$B$9,Summary!$G$9,0) -> 0 | D322: =VLOOKUP(A322,AAFTE!$A:$AT,3,0) -> 1329.07 | E322: =VLOOKUP($A322,'2026-27 Salary & Benefits'!$A:$I,3,) -> 1 | F322: =VLOOKUP($A322,'2026-27 Salary & Benefits'!$A:$I,4,) -> 1 | G322: =VLOOKUP(A322,'CEDARS District FRPL'!$A$3:$C$320,3,0) -> 0.5786 | H322: =IF(C322>0,C322,D322) -> 1329.07 | I322: =ROUND(H322*G322,2) -> 769 | J322: =ROUND((($I322*2.3975*36)/15)/900,3) -> 4.916 | K322: ='2026-27 Salary & Benefits'!E$6 -> 78209 | L322: ='2026-27 Salary & Benefits'!F$6 -> 82248 | M322: =ROUND($E322*$K322*$J322,2) -> 384475.44 | N322: =ROUND($L322*$F322*$J322,2)-$M322 -> 19855.73 | O322: ='2026-27 Salary & Benefits'!G$6 -> 16817.76 | P322: ='2026-27 Salary & Benefits'!H$6 -> 0.1602 | Q322: ='2026-27 Salary & Benefits'!I$6 -> 0.1539 | R322: =ROUND(M322*P322+N322*Q322+J322*O322,2) -> 147324.87 | S322: =ROUND(((($L322*$F322*$J322)/180)*3),2) -> 6738.85 | T322: =ROUND(S322*Q322,2) -> 1037.11 | U322: =SUM(S322:T322) -> 7775.96 | V322: =SUM(R322,M322:N322,U322) -> 559432

Sheet 2025-26 School Level AAFTE
A1: 2025-26 Enrollment By School as of August 2026 | C1: 1 | D1: =1+C1 -> 2 | E1: =1+D1 -> 3 | F1: =1+E1 -> 4 | G1: =1+F1 -> 5 | H1: =1+G1 -> 6 | I1: =1+H1 -> 7 | J1: =1+I1 -> 8 | K1: =1+J1 -> 9 | L1: =1+K1 -> 10 | Q1: Sum of TOTAL | R1: Column Labels
Q2: Row Labels | R2: No | S2: Yes | T2: Grand Total | U2: =GETPIVOTDATA("TOTAL",$Q$1) -> 1062983.1
A3: CCDDD | B3: District | C3: School # | D3: School Name | E3: K-12 | F3: TK | G3: RS | H3: OD | I3: NS | J3: TOTAL | K3: HP ? | L3: Poverty % | Q3: 01109 | S3: 59.25 | T3: 59.25
D4: State Totals | E4: =SUM(E5:E49956) -> 1017013.2 | F4: =SUM(F5:F49956) -> 7175.88 | G4: =SUM(G5:G49956) -> 30592.44 | H4: =SUM(H5:H49956) -> 7492.31 | I4: =SUM(I5:I49956) -> 709.25 | J4: =SUM(J5:J49956) -> 1062983.1 | Q4: 01122 | R4: 8.2 | T4: 8.2
A5: 14005 | B5: Aberdeen | C5: 2834 | D5: A J West Elementary | E5: 262.65 | F5: 0 | G5: 0 | H5: 0 | I5: 0 | J5: =SUM(E5:I5) -> 262.65 | K5: =VLOOKUP(C5, 'CEDARS School FRPL'!$C$4:$G$2376,5,0) -> Yes | L5: =IFERROR(VLOOKUP($C5,'CEDARS School FRPL'!$C$4:$F$20001,3,FALSE),"NO CEDARL FRPL Rprtd") -> 0.8192 | Q5: 01147 | S5: 4389.29 | T5: 4389.29
A6: 14005 | B6: Aberdeen | C6: 3216 | D6: Central Park Elementary | E6: 117.54 | F6: 0 | G6: 0 | H6: 0 | I6: 0 | J6: =SUM(E6:I6) -> 117.54 | K6: =VLOOKUP(C6, 'CEDARS School FRPL'!$C$4:$G$2376,5,0) -> Yes | L6: =IFERROR(VLOOKUP($C6,'CEDARS School FRPL'!$C$4:$F$20001,3,FALSE),"NO CEDARL FRPL Rprtd") -> 0.5548 | Q6: 01158 | S6: 158.61 | T6: 158.61
A7: 14005 | B7: Aberdeen | C7: 5514 | D7: Grays Harbor Academy | E7: 84.64 | F7: 0 | G7: 1.33 | H7: 0 | I7: 0 | J7: =SUM(E7:I7) -> 85.97 | K7: =VLOOKUP(C7, 'CEDARS School FRPL'!$C$4:$G$2376,5,0) -> Yes | L7: =IFERROR(VLOOKUP($C7,'CEDARS School FRPL'!$C$4:$F$20001,3,FALSE),"NO CEDARL FRPL Rprtd") -> 0.6355 | Q7: 01160 | R7: 228.09 | S7: 155.7 | T7: 383.79
A8: 14005 | B8: Aberdeen | C8: 3857 | D8: Harbor Junior/Senior High School | E8: 107.51 | F8: 0 | G8: 1.16 | H8: 0 | I8: 0 | J8: =SUM(E8:I8) -> 108.67 | K8: =VLOOKUP(C8, 'CEDARS School FRPL'!$C$4:$G$2376,5,0) -> Yes | L8: =IFERROR(VLOOKUP($C8,'CEDARS School FRPL'!$C$4:$F$20001,3,FALSE),"NO CEDARL FRPL Rprtd") -> 0.764 | Q8: 02250 | R8: 1129.58 | S8: 1280.28 | T8: 2409.86
A9: 14005 | B9: Aberdeen | C9: 5663 | D9: Harbor Open Doors | E9: 0 | F9: 0 | G9: 1.11 | H9: 90.38 | I9: 0 | J9: =SUM(E9:I9) -> 91.49 | K9: =VLOOKUP(C9, 'CEDARS School FRPL'!$C$4:$G$2376,5,0) -> Yes | L9: =IFERROR(VLOOKUP($C9,'CEDARS School FRPL'!$C$4:$F$20001,3,FALSE),"NO CEDARL FRPL Rprtd") -> 0.742 | Q9: 02420 | R9: 656.82 | T9: 656.82
A10: 14005 | B10: Aberdeen | C10: 3476 | D10: J M Weatherwax High School | E10: 764.4 | F10: 0 | G10: 110.39 | H10: 0 | I10: 0 | J10: =SUM(E10:I10) -> 874.79 | K10: =VLOOKUP(C10, 'CEDARS School FRPL'!$C$4:$G$2376,5,0) -> Yes | L10: =IFERROR(VLOOKUP($C10,'CEDARS School FRPL'!$C$4:$F$20001,3,FALSE),"NO CEDARL FRPL Rprtd") -> 0.5755 | Q10: 03017 | R10: 5958.99 | S10: 12575.72 | T10: 18534.71
A11: 14005 | B11: Aberdeen | C11: 2449 | D11: McDermoth Elementary | E11: 280.1 | F11: 0 | G11: 0 | H11: 0 | I11: 0 | J11: =SUM(E11:I11) -> 280.1 | K11: =VLOOKUP(C11, 'CEDARS School FRPL'!$C$4:$G$2376,5,0) -> Yes | L11: =IFERROR(VLOOKUP($C11,'CEDARS School FRPL'!$C$4:$F$20001,3,FALSE),"NO CEDARL FRPL Rprtd") -> 0.661 | Q11: 03050 | S11: 140.4 | T11: 140.4
A12: 14005 | B12: Aberdeen | C12: 2305 | D12: Miller Junior High | E12: 618.59 | F12: 0 | G12: 0 | H12: 0 | I12: 0 | J12: =SUM(E12:I12) -> 618.59 | K12: =VLOOKUP(C12, 'CEDARS School FRPL'!$C$4:$G$2376,5,0) -> Yes | L12: =IFERROR(VLOOKUP($C12,'CEDARS School FRPL'!$C$4:$F$20001,3,FALSE),"NO CEDARL FRPL Rprtd") -> 0.6704 | Q12: 03052 | S12: 1275.37 | T12: 1275.37
A13: 14005 | B13: Aberdeen | C13: 2763 | D13: Robert Gray Elementary | E13: 211.48 | F13: 0 | G13: 0 | H13: 0 | I13: 0 | J13: =SUM(E13:I13) -> 211.48 | K13: =VLOOKUP(C13, 'CEDARS School FRPL'!$C$4:$G$2376,5,0) -> Yes | L13: =IFERROR(VLOOKUP($C13,'CEDARS School FRPL'!$C$4:$F$20001,3,FALSE),"NO CEDARL FRPL Rprtd") -> 0.7712 | Q13: 03053 | S13: 852.63 | T13: 852.63
A14: 14005 | B14: Aberdeen | C14: 2971 | D14: Stevens Elementary School | E14: 302.5 | F14: 0 | G14: 0 | H14: 0 | I14: 0 | J14: =SUM(E14:I14) -> 302.5 | K14: =VLOOKUP(C14, 'CEDARS School FRPL'!$C$4:$G$2376,5,0) -> Yes | L14: =IFERROR(VLOOKUP($C14,'CEDARS School FRPL'!$C$4:$F$20001,3,FALSE),"NO CEDARL FRPL Rprtd") -> 0.7989 | Q14: 03116 | S14: 2429.96 | T14: 2429.96
A15: 14005 | B15: Aberdeen | C15: 5208 | D15: Twin Harbors - A Branch of New Market Skills Center | E15: 51.38 | F15: 0 | G15: 0 | H15: 0 | I15: 10.46 | J15: =SUM(E15:I15) -> 61.84 | K15: =VLOOKUP(C15, 'CEDARS School FRPL'!$C$4:$G$2376,5,0) -> No | L15: =IFERROR(VLOOKUP($C15,'CEDARS School FRPL'!$C$4:$F$20001,3,FALSE),"NO CEDARL FRPL Rprtd") -> 0.1383 | Q15: 03400 | R15: 9700.53 | S15: 3928.08 | T15: 13628.61
A16: 21226 | B16: Adna | C16: 2227 | D16: Adna Elementary School | E16: 255.48 | F16: 0 | G16: 0 | H16: 0 | I16: 0 | J16: =SUM(E16:I16) -> 255.48 | K16: =VLOOKUP(C16, 'CEDARS School FRPL'!$C$4:$G$2376,5,0) -> No | L16: =IFERROR(VLOOKUP($C16,'CEDARS School FRPL'!$C$4:$F$20001,3,FALSE),"NO CEDARL FRPL Rprtd") -> 0.2514 | Q16: 04019 | S16: 585.43 | T16: 585.43
A17: 21226 | B17: Adna | C17: 2441 | D17: Adna Middle/High School | E17: 358.41 | F17: 0 | G17: 19.52 | H17: 2.1 | I17: 0 | J17: =SUM(E17:I17) -> 380.03 | K17: =VLOOKUP(C17, 'CEDARS School FRPL'!$C$4:$G$2376,5,0) -> No | L17: =IFERROR(VLOOKUP($C17,'CEDARS School FRPL'!$C$4:$F$20001,3,FALSE),"NO CEDARL FRPL Rprtd") -> 0.2365 | Q17: 04069 | R17: 11.22 | T17: 11.22
A18: 22017 | B18: Almira | C18: 2860 | D18: Almira Elementary School | E18: 101.76 | F18: 0 | G18: 2.92 | H18: 0 | I18: 0 | J18: =SUM(E18:I18) -> 104.68 | K18: =VLOOKUP(C18, 'CEDARS School FRPL'!$C$4:$G$2376,5,0) -> No | L18: =IFERROR(VLOOKUP($C18,'CEDARS School FRPL'!$C$4:$F$20001,3,FALSE),"NO CEDARL FRPL Rprtd") -> 0.3918 | Q18: 04127 | S18: 407.11 | T18: 407.11
A19: 29103 | B19: Anacortes | C19: 2467 | D19: Anacortes High School | E19: 693.99 | F19: 0 | G19: 55 | H19: 0 | I19: 0 | J19: =SUM(E19:I19) -> 748.99 | K19: =VLOOKUP(C19, 'CEDARS School FRPL'!$C$4:$G$2376,5,0) -> No | L19: =IFERROR(VLOOKUP($C19,'CEDARS School FRPL'!$C$4:$F$20001,3,FALSE),"NO CEDARL FRPL Rprtd") -> 0.2535 | Q19: 04129 | R19: 0.9 | S19: 1219.11 | T19: 1220.01
A20: 29103 | B20: Anacortes | C20: 2707 | D20: Anacortes Middle School | E20: 628.1 | F20: 0 | G20: 0 | H20: 0 | I20: 0 | J20: =SUM(E20:I20) -> 628.1 | K20: =VLOOKUP(C20, 'CEDARS School FRPL'!$C$4:$G$2376,5,0) -> No | L20: =IFERROR(VLOOKUP($C20,'CEDARS School FRPL'!$C$4:$F$20001,3,FALSE),"NO CEDARL FRPL Rprtd") -> 0.2982 | Q20: 04222 | R20: 1577.14 | T20: 1577.14
A21: 29103 | B21: Anacortes | C21: 5176 | D21: Cap Sante High School | E21: 58.89 | F21: 0 | G21: 1.82 | H21: 0 | I21: 0 | J21: =SUM(E21:I21) -> 60.71 | K21: =VLOOKUP(C21, 'CEDARS School FRPL'!$C$4:$G$2376,5,0) -> Yes | L21: =IFERROR(VLOOKUP($C21,'CEDARS School FRPL'!$C$4:$F$20001,3,FALSE),"NO CEDARL FRPL Rprtd") -> 0.5399 | Q21: 04228 | R21: 1206.33 | T21: 1206.33
A22: 29103 | B22: Anacortes | C22: 3182 | D22: Fidalgo Elementary | E22: 349.74 | F22: 0 | G22: 0 | H22: 0 | I22: 0 | J22: =SUM(E22:I22) -> 349.74 | K22: =VLOOKUP(C22, 'CEDARS School FRPL'!$C$4:$G$2376,5,0) -> No | L22: =IFERROR(VLOOKUP($C22,'CEDARS School FRPL'!$C$4:$F$20001,3,FALSE),"NO CEDARL FRPL Rprtd") -> 0.3119 | Q22: 04246 | R22: 1330.99 | S22: 5474.86 | T22: 6805.85
A23: 29103 | B23: Anacortes | C23: 3252 | D23: Island View Elementary | E23: 420.31 | F23: 0 | G23: 0 | H23: 0 | I23: 0 | J23: =SUM(E23:I23) -> 420.31 | K23: =VLOOKUP(C23, 'CEDARS School FRPL'!$C$4:$G$2376,5,0) -> No | L23: =IFERROR(VLOOKUP($C23,'CEDARS School FRPL'!$C$4:$F$20001,3,FALSE),"NO CEDARL FRPL Rprtd") -> 0.3042 | Q23: 04901 | S23: 208.32 | T23: 208.32
A24: 29103 | B24: Anacortes | C24: 3057 | D24: Mount Erie Elementary | E24: 326.53 | F24: 0 | G24: 0 | H24: 0 | I24: 0 | J24: =SUM(E24:I24) -> 326.53 | K24: =VLOOKUP(C24, 'CEDARS School FRPL'!$C$4:$G$2376,5,0) -> No | L24: =IFERROR(VLOOKUP($C24,'CEDARS School FRPL'!$C$4:$F$20001,3,FALSE),"NO CEDARL FRPL Rprtd") -> 0.3955 | Q24: 05121 | R24: 915.79 | S24: 2429.07 | T24: 3344.86
A25: 29103 | B25: Anacortes | C25: 5588 | D25: Open Doors | E25: 0 | F25: 0 | G25: 0 | H25: 3.1 | I25: 0 | J25: =SUM(E25:I25) -> 3.1 | K25: =VLOOKUP(C25, 'CEDARS School FRPL'!$C$4:$G$2376,5,0) -> Yes | L25: =IFERROR(VLOOKUP($C25,'CEDARS School FRPL'!$C$4:$F$20001,3,FALSE),"NO CEDARL FRPL Rprtd") -> 0.5992 | Q25: 05313 | R25: 176.94 | S25: 215.7 | T25: 392.64
A26: 31016 | B26: Arlington | C26: 2523 | D26: Arlington High School | E26: 1492.03 | F26: 0 | G26: 44.45 | H26: 0 | I26: 0 | J26: =SUM(E26:I26) -> 1536.48 | K26: =VLOOKUP(C26, 'CEDARS School FRPL'!$C$4:$G$2376,5,0) -> No | L26: =IFERROR(VLOOKUP($C26,'CEDARS School FRPL'!$C$4:$F$20001,3,FALSE),"NO CEDARL FRPL Rprtd") -> 0.3551 | Q26: 05323 | R26: 2025 | S26: 527.6 | T26: 2552.6
A27: 31016 | B27: Arlington | C27: 5495 | D27: Arlington Open Doors | E27: 0 | F27: 0 | G27: 0 | H27: 56.7 | I27: 0 | J27: =SUM(E27:I27) -> 56.7 | K27: =VLOOKUP(C27, 'CEDARS School FRPL'!$C$4:$G$2376,5,0) -> Yes | L27: =IFERROR(VLOOKUP($C27,'CEDARS School FRPL'!$C$4:$F$20001,3,FALSE),"NO CEDARL FRPL Rprtd") -> 0.5354 | Q27: 05401 | S27: 476.86 | T27: 476.86
A28: 31016 | B28: Arlington | C28: 4327 | D28: Eagle Creek Elementary | E28: 612.84 | F28: 0 | G28: 0 | H28: 0 | I28: 0 | J28: =SUM(E28:I28) -> 612.84 | K28: =VLOOKUP(C28, 'CEDARS School FRPL'!$C$4:$G$2376,5,0) -> No | L28: =IFERROR(VLOOKUP($C28,'CEDARS School FRPL'!$C$4:$F$20001,3,FALSE),"NO CEDARL FRPL Rprtd") -> 0.4201 | Q28: 05402 | S28: 3860.41 | T28: 3860.41
A29: 31016 | B29: Arlington | C29: 5010 | D29: Haller Middle School | E29: 561.26 | F29: 0 | G29: 0 | H29: 0 | I29: 0 | J29: =SUM(E29:I29) -> 561.26 | K29: =VLOOKUP(C29, 'CEDARS School FRPL'!$C$4:$G$2376,5,0) -> No | L29: =IFERROR(VLOOKUP($C29,'CEDARS School FRPL'!$C$4:$F$20001,3,FALSE),"NO CEDARL FRPL Rprtd") -> 0.3574 | Q29: 05903 | S29: 113.15 | T29: 113.15
A30: 31016 | B30: Arlington | C30: 4436 | D30: Kent Prairie Elementary | E30: 595.92 | F30: 0 | G30: 0 | H30: 0 | I30: 0 | J30: =SUM(E30:I30) -> 595.92 | K30: =VLOOKUP(C30, 'CEDARS School FRPL'!$C$4:$G$2376,5,0) -> No | L30: =IFERROR(VLOOKUP($C30,'CEDARS School FRPL'!$C$4:$F$20001,3,FALSE),"NO CEDARL FRPL Rprtd") -> 0.4159 | Q30: 06037 | R30: 8994.33 | S30: 11575.37 | T30: 20569.7
A31: 31016 | B31: Arlington | C31: 4573 | D31: Pioneer Elementary | E31: 499.4 | F31: 0 | G31: 0 | H31: 0 | I31: 0 | J31: =SUM(E31:I31) -> 499.4 | K31: =VLOOKUP(C31, 'CEDARS School FRPL'!$C$4:$G$2376,5,0) -> No | L31: =IFERROR(VLOOKUP($C31,'CEDARS School FRPL'!$C$4:$F$20001,3,FALSE),"NO CEDARL FRPL Rprtd") -> 0.3761 | Q31: 06098 | R31: 2042.74 | T31: 2042.74
A32: 31016 | B32: Arlington | C32: 3124 | D32: Post Middle School | E32: 657.62 | F32: 0 | G32: 0 | H32: 0 | I32: 0 | J32: =SUM(E32:I32) -> 657.62 | K32: =VLOOKUP(C32, 'CEDARS School FRPL'!$C$4:$G$2376,5,0) -> No | L32: =IFERROR(VLOOKUP($C32,'CEDARS School FRPL'!$C$4:$F$20001,3,FALSE),"NO CEDARL FRPL Rprtd") -> 0.4132 | Q32: 06101 | R32: 1816.29 | T32: 1816.29
A33: 31016 | B33: Arlington | C33: 4154 | D33: Presidents Elementary | E33: 490.7 | F33: 0 | G33: 0 | H33: 0 | I33: 0 | J33: =SUM(E33:I33) -> 490.7 | K33: =VLOOKUP(C33, 'CEDARS School FRPL'!$C$4:$G$2376,5,0) -> No | L33: =IFERROR(VLOOKUP($C33,'CEDARS School FRPL'!$C$4:$F$20001,3,FALSE),"NO CEDARL FRPL Rprtd") -> 0.407 | Q33: 06103 | R33: 173.07 | T33: 173.07
A34: 31016 | B34: Arlington | C34: 1714 | D34: Stillaguamish Valley Learning Center | E34: 322.13 | F34: 0 | G34: 0 | H34: 0 | I34: 0 | J34: =SUM(E34:I34) -> 322.13 | K34: =VLOOKUP(C34, 'CEDARS School FRPL'!$C$4:$G$2376,5,0) -> No | L34: =IFERROR(VLOOKUP($C34,'CEDARS School FRPL'!$C$4:$F$20001,3,FALSE),"NO CEDARL FRPL Rprtd") -> 0.3982 | Q34: 06112 | R34: 2627.05 | T34: 2627.05
A35: 31016 | B35: Arlington | C35: 4287 | D35: Weston High School | E35: 94.15 | F35: 0 | G35: 2.25 | H35: 0 | I35: 0 | J35: =SUM(E35:I35) -> 96.4 | K35: =VLOOKUP(C35, 'CEDARS School FRPL'!$C$4:$G$2376,5,0) -> Yes | L35: =IFERROR(VLOOKUP($C35,'CEDARS School FRPL'!$C$4:$F$20001,3,FALSE),"NO CEDARL FRPL Rprtd") -> 0.5486 | Q35: 06114 | R35: 9475.14 | S35: 12051.28 | T35: 21526.42
A36: 02420 | B36: Asotin-Anatone | C36: 2507 | D36: Asotin Elementary | E36: 277.76 | F36: 30.1 | G36: 0 | H36: 0 | I36: 0 | J36: =SUM(E36:I36) -> 307.86 | K36: =VLOOKUP(C36, 'CEDARS School FRPL'!$C$4:$G$2376,5,0) -> No | L36: =IFERROR(VLOOKUP($C36,'CEDARS School FRPL'!$C$4:$F$20001,3,FALSE),"NO CEDARL FRPL Rprtd") -> 0.3814 | Q36: 06117 | R36: 7044.82 | T36: 7044.82
A37: 02420 | B37: Asotin-Anatone | C37: 2434 | D37: Asotin Jr Sr High | E37: 336.44 | F37: 0 | G37: 12.52 | H37: 0 | I37: 0 | J37: =SUM(E37:I37) -> 348.96 | K37: =VLOOKUP(C37, 'CEDARS School FRPL'!$C$4:$G$2376,5,0) -> No | L37: =IFERROR(VLOOKUP($C37,'CEDARS School FRPL'!$C$4:$F$20001,3,FALSE),"NO CEDARL FRPL Rprtd") -> 0.3066 | Q37: 06119 | R37: 11784.6 | S37: 712.2 | T37: 12496.8
A38: 17408 | B38: Auburn | C38: 3825 | D38: Alpac Elementary School | E38: 481.06 | F38: 0 | G38: 0 | H38: 0 | I38: 0 | J38: =SUM(E38:I38) -> 481.06 | K38: =VLOOKUP(C38, 'CEDARS School FRPL'!$C$4:$G$2376,5,0) -> Yes | L38: =IFERROR(VLOOKUP($C38,'CEDARS School FRPL'!$C$4:$F$20001,3,FALSE),"NO CEDARL FRPL Rprtd") -> 0.5667 | Q38: 06122 | R38: 4235.88 | T38: 4235.88
A39: 17408 | B39: Auburn | C39: 5082 | D39: Arthur Jacobsen Elementary | E39: 334.54 | F39: 0 | G39: 0 | H39: 0 | I39: 0 | J39: =SUM(E39:I39) -> 334.54 | K39: =VLOOKUP(C39, 'CEDARS School FRPL'!$C$4:$G$2376,5,0) -> Yes | L39: =IFERROR(VLOOKUP($C39,'CEDARS School FRPL'!$C$4:$F$20001,3,FALSE),"NO CEDARL FRPL Rprtd") -> 0.5234 | Q39: 06901 | S39: 65.29 | T39: 65.29
A40: 17408 | B40: Auburn | C40: 5037 | D40: Auburn Mountainview High School | E40: 1296.43 | F40: 0 | G40: 194.96 | H40: 0 | I40: 0 | J40: =SUM(E40:I40) -> 1491.39 | K40: =VLOOKUP(C40, 'CEDARS School FRPL'!$C$4:$G$2376,5,0) -> Yes | L40: =IFERROR(VLOOKUP($C40,'CEDARS School FRPL'!$C$4:$F$20001,3,FALSE),"NO CEDARL FRPL Rprtd") -> 0.5409 | Q40: 07002 | S40: 326.08 | T40: 326.08
A41: 17408 | B41: Auburn | C41: 5522 | D41: Auburn Opportunity Project | E41: 0 | F41: 0 | G41: 0 | H41: 91.62 | I41: 0 | J41: =SUM(E41:I41) -> 91.62 | K41: =VLOOKUP(C41, 'CEDARS School FRPL'!$C$4:$G$2376,5,0) -> Yes | L41: =IFERROR(VLOOKUP($C41,'CEDARS School FRPL'!$C$4:$F$20001,3,FALSE),"NO CEDARL FRPL Rprtd") -> 0.5382 | Q41: 07035 | R41: 660.59 | S41: 31.8 | T41: 692.39
A42: 17408 | B42: Auburn | C42: 4474 | D42: Auburn Riverside High School | E42: 1531.52 | F42: 0 | G42: 203.62 | H42: 0 | I42: 0 | J42: =SUM(E42:I42) -> 1735.14 | K42: =VLOOKUP(C42, 'CEDARS School FRPL'!$C$4:$G$2376,5,0) -> No | L42: =IFERROR(VLOOKUP($C42,'CEDARS School FRPL'!$C$4:$F$20001,3,FALSE),"NO CEDARL FRPL Rprtd") -> 0.4366 | Q42: 08122 | R42: 1284.93 | S42: 4957.88 | T42: 6242.81
A43: 17408 | B43: Auburn | C43: 2795 | D43: Auburn Senior High School | E43: 1777.47 | F43: 0 | G43: 225.24 | H43: 0 | I43: 0 | J43: =SUM(E43:I43) -> 2002.71 | K43: =VLOOKUP(C43, 'CEDARS School FRPL'!$C$4:$G$2376,5,0) -> Yes | L43: =IFERROR(VLOOKUP($C43,'CEDARS School FRPL'!$C$4:$F$20001,3,FALSE),"NO CEDARL FRPL Rprtd") -> 0.5818 | Q43: 08130 | R43: 674.47 | T43: 674.47
A44: 17408 | B44: Auburn | C44: 5610 | D44: Bowman Creek Elementary | E44: 432.9 | F44: 0 | G44: 0 | H44: 0 | I44: 0 | J44: =SUM(E44:I44) -> 432.9 | K44: =VLOOKUP(C44, 'CEDARS School FRPL'!$C$4:$G$2376,5,0) -> No | L44: =IFERROR(VLOOKUP($C44,'CEDARS School FRPL'!$C$4:$F$20001,3,FALSE),"NO CEDARL FRPL Rprtd") -> 0.3204 | Q44: 08401 | R44: 445.02 | S44: 936.37 | T44: 1381.39
A45: 17408 | B45: Auburn | C45: 2394 | D45: Cascade Middle School | E45: 957.74 | F45: 0 | G45: 0 | H45: 0 | I45: 0.07 | J45: =SUM(E45:I45) -> 957.81 | K45: =VLOOKUP(C45, 'CEDARS School FRPL'!$C$4:$G$2376,5,0) -> Yes | L45: =IFERROR(VLOOKUP($C45,'CEDARS School FRPL'!$C$4:$F$20001,3,FALSE),"NO CEDARL FRPL Rprtd") -> 0.6124 | Q45: 08402 | R45: 1170.02 | T45: 1170.02
A46: 17408 | B46: Auburn | C46: 3439 | D46: Chinook Elementary School | E46: 591.42 | F46: 17.8 | G46: 0 | H46: 0 | I46: 0 | J46: =SUM(E46:I46) -> 609.22 | K46: =VLOOKUP(C46, 'CEDARS School FRPL'!$C$4:$G$2376,5,0) -> Yes | L46: =IFERROR(VLOOKUP($C46,'CEDARS School FRPL'!$C$4:$F$20001,3,FALSE),"NO CEDARL FRPL Rprtd") -> 0.5461 | Q46: 08404 | R46: 1990.01 | S46: 316.38 | T46: 2306.39
A47: 17408 | B47: Auburn | C47: 2932 | D47: Dick Scobee Elementary School | E47: 623.4 | F47: 19.7 | G47: 0 | H47: 0 | I47: 0 | J47: =SUM(E47:I47) -> 643.1 | K47: =VLOOKUP(C47, 'CEDARS School FRPL'!$C$4:$G$2376,5,0) -> Yes | L47: =IFERROR(VLOOKUP($C47,'CEDARS School FRPL'!$C$4:$F$20001,3,FALSE),"NO CEDARL FRPL Rprtd") -> 0.723 | Q47: 08458 | R47: 318.42 | S47: 4723.25 | T47: 5041.67
A48: 17408 | B48: Auburn | C48: 3745 | D48: Evergreen Heights Elementary | E48: 430.3 | F48: 0 | G48: 0 | H48: 0 | I48: 0.07 | J48: =SUM(E48:I48) -> 430.37 | K48: =VLOOKUP(C48, 'CEDARS School FRPL'!$C$4:$G$2376,5,0) -> No | L48: =IFERROR(VLOOKUP($C48,'CEDARS School FRPL'!$C$4:$F$20001,3,FALSE),"NO CEDARL FRPL Rprtd") -> 0.4821 | Q48: 09013 | S48: 112.6 | T48: 112.6
A49: 17408 | B49: Auburn | C49: 3669 | D49: Gildo Rey Elementary School | E49: 333.6 | F49: 19.3 | G49: 0 | H49: 0 | I49: 0 | J49: =SUM(E49:I49) -> 352.9 | K49: =VLOOKUP(C49, 'CEDARS School FRPL'!$C$4:$G$2376,5,0) -> Yes | L49: =IFERROR(VLOOKUP($C49,'CEDARS School FRPL'!$C$4:$F$20001,3,FALSE),"NO CEDARL FRPL Rprtd") -> 0.6734 | Q49: 09075 | S49: 731.77 | T49: 731.77
A50: 17408 | B50: Auburn | C50: 4347 | D50: Hazelwood Elementary School | E50: 463.07 | F50: 0 | G50: 0 | H50: 0 | I50: 0 | J50: =SUM(E50:I50) -> 463.07 | K50: =VLOOKUP(C50, 'CEDARS School FRPL'!$C$4:$G$2376,5,0) -> No | L50: =IFERROR(VLOOKUP($C50,'CEDARS School FRPL'!$C$4:$F$20001,3,FALSE),"NO CEDARL FRPL Rprtd") -> 0.4643 | Q50: 09102 | S50: 24.5 | T50: 24.5
A51: 17408 | B51: Auburn | C51: 4417 | D51: Ilalko Elementary School | E51: 408.4 | F51: 0 | G51: 0 | H51: 0 | I51: 0 | J51: =SUM(E51:I51) -> 408.4 | K51: =VLOOKUP(C51, 'CEDARS School FRPL'!$C$4:$G$2376,5,0) -> Yes | L51: =IFERROR(VLOOKUP($C51,'CEDARS School FRPL'!$C$4:$F$20001,3,FALSE),"NO CEDARL FRPL Rprtd") -> 0.5554 | Q51: 09206 | S51: 5791.1 | T51: 5791.1
A52: 17408 | B52: Auburn | C52: 4120 | D52: Lake View Elementary School | E52: 380.4 | F52: 0 | G52: 0 | H52: 0 | I52: 0 | J52: =SUM(E52:I52) -> 380.4 | K52: =VLOOKUP(C52, 'CEDARS School FRPL'!$C$4:$G$2376,5,0) -> No | L52: =IFERROR(VLOOKUP($C52,'CEDARS School FRPL'!$C$4:$F$20001,3,FALSE),"NO CEDARL FRPL Rprtd") -> 0.451 | Q52: 09207 | S52: 106.22 | T52: 106.22
A53: 17408 | B53: Auburn | C53: 5051 | D53: Lakeland Hills Elementary | E53: 463.32 | F53: 0 | G53: 0 | H53: 0 | I53: 0 | J53: =SUM(E53:I53) -> 463.32 | K53: =VLOOKUP(C53, 'CEDARS School FRPL'!$C$4:$G$2376,5,0) -> No | L53: =IFERROR(VLOOKUP($C53,'CEDARS School FRPL'!$C$4:$F$20001,3,FALSE),"NO CEDARL FRPL Rprtd") -> 0.3216 | Q53: 09209 | R53: 143.38 | S53: 136.16 | T53: 279.54
A54: 17408 | B54: Auburn | C54: 3525 | D54: Lea Hill Elementary School | E54: 499.3 | F54: 20 | G54: 0 | H54: 0 | I54: 0 | J54: =SUM(E54:I54) -> 519.3 | K54: =VLOOKUP(C54, 'CEDARS School FRPL'!$C$4:$G$2376,5,0) -> Yes | L54: =IFERROR(VLOOKUP($C54,'CEDARS School FRPL'!$C$4:$F$20001,3,FALSE),"NO CEDARL FRPL Rprtd") -> 0.5945 | Q54: 10003 | S54: 16.04 | T54: 16.04
A55: 17408 | B55: Auburn | C55: 4462 | D55: Mt Baker Middle School | E55: 886.91 | F55: 0 | G55: 0 | H55: 0 | I55: 0.1 | J55: =SUM(E55:I55) -> 887.01 | K55: =VLOOKUP(C55, 'CEDARS School FRPL'!$C$4:$G$2376,5,0) -> Yes | L55: =IFERROR(VLOOKUP($C55,'CEDARS School FRPL'!$C$4:$F$20001,3,FALSE),"NO CEDARL FRPL Rprtd") -> 0.5076 | Q55: 10050 | R55: 42.2 | S55: 176.81 | T55: 219.01
A56: 17408 | B56: Auburn | C56: 3169 | D56: Olympic Middle School | E56: 957.33 | F56: 0 | G56: 0 | H56: 0 | I56: 0.03 | J56: =SUM(E56:I56) -> 957.36 | K56: =VLOOKUP(C56, 'CEDARS School FRPL'!$C$4:$G$2376,5,0) -> Yes | L56: =IFERROR(VLOOKUP($C56,'CEDARS School FRPL'!$C$4:$F$20001,3,FALSE),"NO CEDARL FRPL Rprtd") -> 0.6311 | Q56: 10065 | S56: 44 | T56: 44
A57: 17408 | B57: Auburn | C57: 3227 | D57: Pioneer Elementary School | E57: 555.4 | F57: 19.3 | G57: 0 | H57: 0 | I57: 0 | J57: =SUM(E57:I57) -> 574.7 | K57: =VLOOKUP(C57, 'CEDARS School FRPL'!$C$4:$G$2376,5,0) -> Yes | L57: =IFERROR(VLOOKUP($C57,'CEDARS School FRPL'!$C$4:$F$20001,3,FALSE),"NO CEDARL FRPL Rprtd") -> 0.6339 | Q57: 10070 | S57: 186.36 | T57: 186.36
A58: 17408 | B58: Auburn | C58: 4385 | D58: Rainier Middle School | E58: 906.32 | F58: 0 | G58: 0 | H58: 0 | I58: 0.04 | J58: =SUM(E58:I58) -> 906.36 | K58: =VLOOKUP(C58, 'CEDARS School FRPL'!$C$4:$G$2376,5,0) -> Yes | L58: =IFERROR(VLOOKUP($C58,'CEDARS School FRPL'!$C$4:$F$20001,3,FALSE),"NO CEDARL FRPL Rprtd") -> 0.57 | Q58: 10309 | R58: 205.16 | S58: 327.31 | T58: 532.47
A59: 17408 | B59: Auburn | C59: 2659 | D59: Terminal Park Elementary School | E59: 560.05 | F59: 19 | G59: 0 | H59: 0 | I59: 0 | J59: =SUM(E59:I59) -> 579.05 | K59: =VLOOKUP(C59, 'CEDARS School FRPL'!$C$4:$G$2376,5,0) -> Yes | L59: =IFERROR(VLOOKUP($C59,'CEDARS School FRPL'!$C$4:$F$20001,3,FALSE),"NO CEDARL FRPL Rprtd") -> 0.6122 | Q59: 11001 | R59: 1130.7 | S59: 17024.59 | T59: 18155.29
A60: 17408 | B60: Auburn | C60: 2326 | D60: Washington Elementary School | E60: 422.4 | F60: 18.9 | G60: 0 | H60: 0 | I60: 0 | J60: =SUM(E60:I60) -> 441.3 | K60: =VLOOKUP(C60, 'CEDARS School FRPL'!$C$4:$G$2376,5,0) -> Yes | L60: =IFERROR(VLOOKUP($C60,'CEDARS School FRPL'!$C$4:$F$20001,3,FALSE),"NO CEDARL FRPL Rprtd") -> 0.6596 | Q60: 11051 | R60: 11.8 | S60: 1936.04 | T60: 1947.84
A61: 17408 | B61: Auburn | C61: 5733 | D61: West Auburn Senior High School | E61: 481.8 | F61: 0 | G61: 1.13 | H61: 0 | I61: 1.45 | J61: =SUM(E61:I61) -> 484.38 | K61: =VLOOKUP(C61, 'CEDARS School FRPL'!$C$4:$G$2376,5,0) -> Yes | L61: =IFERROR(VLOOKUP($C61,'CEDARS School FRPL'!$C$4:$F$20001,3,FALSE),"NO CEDARL FRPL Rprtd") -> 0.6412 | Q61: 11054 | R61: 11 | T61: 11
A62: 17408 | B62: Auburn | C62: 5717 | D62: Willow Crest Elementary | E62: 598.48 | F62: 18.4 | G62: 0 | H62: 0 | I62: 0 | J62: =SUM(E62:I62) -> 616.88 | K62: =VLOOKUP(C62, 'CEDARS School FRPL'!$C$4:$G$2376,5,0) -> Yes | L62: =IFERROR(VLOOKUP($C62,'CEDARS School FRPL'!$C$4:$F$20001,3,FALSE),"NO CEDARL FRPL Rprtd") -> 0.51 | Q62: 11056 | S62: 37.28 | T62: 37.28
A63: 18303 | B63: Bainbridge | C63: 2395 | D63: Bainbridge High School | E63: 1103.97 | F63: 0 | G63: 60.15 | H63: 0 | I63: 0 | J63: =SUM(E63:I63) -> 1164.12 | K63: =VLOOKUP(C63, 'CEDARS School FRPL'!$C$4:$G$2376,5,0) -> No | L63: =IFERROR(VLOOKUP($C63,'CEDARS School FRPL'!$C$4:$F$20001,3,FALSE),"NO CEDARL FRPL Rprtd") -> 0.0939 | Q63: 12110 | R63: 212.19 | S63: 145.22 | T63: 357.41
A64: 18303 | B64: Bainbridge | C64: 3552 | D64: Capt Johnston Blakely Elem Sch | E64: 305.6 | F64: 0 | G64: 0 | H64: 0 | I64: 0 | J64: =SUM(E64:I64) -> 305.6 | K64: =VLOOKUP(C64, 'CEDARS School FRPL'!$C$4:$G$2376,5,0) -> No | L64: =IFERROR(VLOOKUP($C64,'CEDARS School FRPL'!$C$4:$F$20001,3,FALSE),"NO CEDARL FRPL Rprtd") -> 0.0905 | Q64: 13073 | S64: 2224.87 | T64: 2224.87
A65: 18303 | B65: Bainbridge | C65: 1935 | D65: Eagle Harbor High School | E65: 62.74 | F65: 0 | G65: 1.42 | H65: 10.5 | I65: 0 | J65: =SUM(E65:I65) -> 74.66 | K65: =VLOOKUP(C65, 'CEDARS School FRPL'!$C$4:$G$2376,5,0) -> No | L65: =IFERROR(VLOOKUP($C65,'CEDARS School FRPL'!$C$4:$F$20001,3,FALSE),"NO CEDARL FRPL Rprtd") -> 0.2494 | Q65: 13144 | S65: 3256.91 | T65: 3256.91
A66: 18303 | B66: Bainbridge | C66: 3043 | D66: Halilts Elementary School | E66: 308.1 | F66: 0 | G66: 0 | H66: 0 | I66: 0 | J66: =SUM(E66:I66) -> 308.1 | K66: =VLOOKUP(C66, 'CEDARS School FRPL'!$C$4:$G$2376,5,0) -> No | L66: =IFERROR(VLOOKUP($C66,'CEDARS School FRPL'!$C$4:$F$20001,3,FALSE),"NO CEDARL FRPL Rprtd") -> 0.0932 | Q66: 13146 | S66: 883 | T66: 883
A67: 18303 | B67: Bainbridge | C67: 1841 | D67: Mosaic Home Education Partnership | E67: 61.95 | F67: 0 | G67: 0 | H67: 0 | I67: 0 | J67: =SUM(E67:I67) -> 61.95 | K67: =VLOOKUP(C67, 'CEDARS School FRPL'!$C$4:$G$2376,5,0) -> No | L67: =IFERROR(VLOOKUP($C67,'CEDARS School FRPL'!$C$4:$F$20001,3,FALSE),"NO CEDARL FRPL Rprtd") -> 0.1222 | Q67: 13151 | R67: 178.4 | T67: 178.4
A68: 18303 | B68: Bainbridge | C68: 1699 | D68: Odyssey Multiage Program | E68: 179.57 | F68: 0 | G68: 0 | H68: 0 | I68: 0 | J68: =SUM(E68:I68) -> 179.57 | K68: =VLOOKUP(C68, 'CEDARS School FRPL'!$C$4:$G$2376,5,0) -> No | L68: =IFERROR(VLOOKUP($C68,'CEDARS School FRPL'!$C$4:$F$20001,3,FALSE),"NO CEDARL FRPL Rprtd") -> 0.0842 | Q68: 13156 | S68: 531.76 | T68: 531.76
A69: 18303 | B69: Bainbridge | C69: 4062 | D69: Ordway Elementary | E69: 313 | F69: 0 | G69: 0 | H69: 0 | I69: 0 | J69: =SUM(E69:I69) -> 313 | K69: =VLOOKUP(C69, 'CEDARS School FRPL'!$C$4:$G$2376,5,0) -> No | L69: =IFERROR(VLOOKUP($C69,'CEDARS School FRPL'!$C$4:$F$20001,3,FALSE),"NO CEDARL FRPL Rprtd") -> 0.1467 | Q69: 13160 | S69: 1720.9 | T69: 1720.9
A70: 18303 | B70: Bainbridge | C70: 4542 | D70: Sakai Intermediate | E70: 453.23 | F70: 0 | G70: 0 | H70: 0 | I70: 0 | J70: =SUM(E70:I70) -> 453.23 | K70: =VLOOKUP(C70, 'CEDARS School FRPL'!$C$4:$G$2376,5,0) -> No | L70: =IFERROR(VLOOKUP($C70,'CEDARS School FRPL'!$C$4:$F$20001,3,FALSE),"NO CEDARL FRPL Rprtd") -> 0.1029 | Q70: 13161 | R70: 980.29 | S70: 7315.22 | T70: 8295.51
A71: 18303 | B71: Bainbridge | C71: 4505 | D71: Woodward Middle School | E71: 487.05 | F71: 0 | G71: 0 | H71: 0 | I71: 0 | J71: =SUM(E71:I71) -> 487.05 | K71: =VLOOKUP(C71, 'CEDARS School FRPL'!$C$4:$G$2376,5,0) -> No | L71: =IFERROR(VLOOKUP($C71,'CEDARS School FRPL'!$C$4:$F$20001,3,FALSE),"NO CEDARL FRPL Rprtd") -> 0.1013 | Q71: 13165 | S71: 2681.2 | T71: 2681.2
A72: 18303 | B72: Bainbridge | C72: 1939 | D72: Bainbridge Special Education Services | E72: 8.81 | F72: 0 | G72: 0 | H72: 0 | I72: 0 | J72: =SUM(E72:I72) -> 8.81 | K72: =VLOOKUP(C72, 'CEDARS School FRPL'!$C$4:$G$2376,5,0) -> No | L72: =IFERROR(VLOOKUP($C72,'CEDARS School FRPL'!$C$4:$F$20001,3,FALSE),"NO CEDARL FRPL Rprtd") -> 0.1844 | Q72: 13167 | S72: 117.77 | T72: 117.77
A73: 06119 | B73: Battle Ground | C73: 2671 | D73: Amboy Middle School | E73: 502.1 | F73: 0 | G73: 0 | H73: 0 | I73: 0 | J73: =SUM(E73:I73) -> 502.1 | K73: =VLOOKUP(C73, 'CEDARS School FRPL'!$C$4:$G$2376,5,0) -> No | L73: =IFERROR(VLOOKUP($C73,'CEDARS School FRPL'!$C$4:$F$20001,3,FALSE),"NO CEDARL FRPL Rprtd") -> 0.4088 | Q73: 13301 | S73: 604.39 | T73: 604.39
A74: 06119 | B74: Battle Ground | C74: 2415 | D74: Battle Ground High School | E74: 1490.61 | F74: 0 | G74: 104.79 | H74: 0 | I74: 0 | J74: =SUM(E74:I74) -> 1595.4 | K74: =VLOOKUP(C74, 'CEDARS School FRPL'!$C$4:$G$2376,5,0) -> No | L74: =IFERROR(VLOOKUP($C74,'CEDARS School FRPL'!$C$4:$F$20001,3,FALSE),"NO CEDARL FRPL Rprtd") -> 0.3336 | Q74: 14005 | R74: 61.84 | S74: 2953.78 | T74: 3015.62
A75: 06119 | B75: Battle Ground | C75: 5749 | D75: Battle Ground Virtual Academy | E75: 442.4 | F75: 0 | G75: 10.8 | H75: 0 | I75: 0 | J75: =SUM(E75:I75) -> 453.2 | K75: =VLOOKUP(C75, 'CEDARS School FRPL'!$C$4:$G$2376,5,0) -> No | L75: =IFERROR(VLOOKUP($C75,'CEDARS School FRPL'!$C$4:$F$20001,3,FALSE),"NO CEDARL FRPL Rprtd") -> 0.3973 | Q75: 14028 | S75: 1519.24 | T75: 1519.24
A76: 06119 | B76: Battle Ground | C76: 1836 | D76: CAM Academy | E76: 469.81 | F76: 0 | G76: 46.44 | H76: 0 | I76: 0 | J76: =SUM(E76:I76) -> 516.25 | K76: =VLOOKUP(C76, 'CEDARS School FRPL'!$C$4:$G$2376,5,0) -> No | L76: =IFERROR(VLOOKUP($C76,'CEDARS School FRPL'!$C$4:$F$20001,3,FALSE),"NO CEDARL FRPL Rprtd") -> 0.2951 | Q76: 14064 | S76: 635.69 | T76: 635.69
A77: 06119 | B77: Battle Ground | C77: 4352 | D77: Captain Strong | E77: 564.45 | F77: 17.5 | G77: 0 | H77: 0 | I77: 0 | J77: =SUM(E77:I77) -> 581.95 | K77: =VLOOKUP(C77, 'CEDARS School FRPL'!$C$4:$G$2376,5,0) -> No | L77: =IFERROR(VLOOKUP($C77,'CEDARS School FRPL'!$C$4:$F$20001,3,FALSE),"NO CEDARL FRPL Rprtd") -> 0.3757 | Q77: 14065 | R77: 307.95 | T77: 307.95
A78: 06119 | B78: Battle Ground | C78: 5133 | D78: Chief Umtuch Middle | E78: 560.84 | F78: 0 | G78: 0 | H78: 0 | I78: 0 | J78: =SUM(E78:I78) -> 560.84 | K78: =VLOOKUP(C78, 'CEDARS School FRPL'!$C$4:$G$2376,5,0) -> No | L78: =IFERROR(VLOOKUP($C78,'CEDARS School FRPL'!$C$4:$F$20001,3,FALSE),"NO CEDARL FRPL Rprtd") -> 0.3324 | Q78: 14066 | R78: 1419.48 | T78: 1419.48
A79: 06119 | B79: Battle Ground | C79: 5089 | D79: Daybreak Middle | E79: 469.48 | F79: 0 | G79: 0 | H79: 0 | I79: 0 | J79: =SUM(E79:I79) -> 469.48 | K79: =VLOOKUP(C79, 'CEDARS School FRPL'!$C$4:$G$2376,5,0) -> No | L79: =IFERROR(VLOOKUP($C79,'CEDARS School FRPL'!$C$4:$F$20001,3,FALSE),"NO CEDARL FRPL Rprtd") -> 0.4565 | Q79: 14068 | R79: 22.95 | S79: 1555.52 | T79: 1578.47
A80: 06119 | B80: Battle Ground | C80: 5090 | D80: Daybreak Primary | E80: 514.12 | F80: 17.6 | G80: 0 | H80: 0 | I80: 0 | J80: =SUM(E80:I80) -> 531.72 | K80: =VLOOKUP(C80, 'CEDARS School FRPL'!$C$4:$G$2376,5,0) -> No | L80: =IFERROR(VLOOKUP($C80,'CEDARS School FRPL'!$C$4:$F$20001,3,FALSE),"NO CEDARL FRPL Rprtd") -> 0.4041 | Q80: 14077 | S80: 185.48 | T80: 185.48
A81: 06119 | B81: Battle Ground | C81: 3018 | D81: Glenwood Heights Primary | E81: 579.51 | F81: 16.7 | G81: 0 | H81: 0 | I81: 0 | J81: =SUM(E81:I81) -> 596.21 | K81: =VLOOKUP(C81, 'CEDARS School FRPL'!$C$4:$G$2376,5,0) -> No | L81: =IFERROR(VLOOKUP($C81,'CEDARS School FRPL'!$C$4:$F$20001,3,FALSE),"NO CEDARL FRPL Rprtd") -> 0.4859 | Q81: 14097 | S81: 202.62 | T81: 202.62
A82: 06119 | B82: Battle Ground | C82: 3545 | D82: Laurin Middle School | E82: 712.2 | F82: 0 | G82: 0 | H82: 0 | I82: 0 | J82: =SUM(E82:I82) -> 712.2 | K82: =VLOOKUP(C82, 'CEDARS School FRPL'!$C$4:$G$2376,5,0) -> Yes | L82: =IFERROR(VLOOKUP($C82,'CEDARS School FRPL'!$C$4:$F$20001,3,FALSE),"NO CEDARL FRPL Rprtd") -> 0.5064 | Q82: 14099 | R82: 162.08 | T82: 162.08
A83: 06119 | B83: Battle Ground | C83: 4144 | D83: Maple Grove Primary | E83: 509.91 | F83: 19 | G83: 0 | H83: 0 | I83: 0 | J83: =SUM(E83:I83) -> 528.91 | K83: =VLOOKUP(C83, 'CEDARS School FRPL'!$C$4:$G$2376,5,0) -> No | L83: =IFERROR(VLOOKUP($C83,'CEDARS School FRPL'!$C$4:$F$20001,3,FALSE),"NO CEDARL FRPL Rprtd") -> 0.4363 | Q83: 14104 | R83: 71.2 | T83: 71.2
A84: 06119 | B84: Battle Ground | C84: 5360 | D84: Open Doors Battle Ground | E84: 0 | F84: 0 | G84: 0.04 | H84: 37.8 | I84: 0 | J84: =SUM(E84:I84) -> 37.84 | K84: =VLOOKUP(C84, 'CEDARS School FRPL'!$C$4:$G$2376,5,0) -> No | L84: =IFERROR(VLOOKUP($C84,'CEDARS School FRPL'!$C$4:$F$20001,3,FALSE),"NO CEDARL FRPL Rprtd") -> 0.4324 | Q84: 14117 | S84: 179.46 | T84: 179.46
A85: 06119 | B85: Battle Ground | C85: 3997 | D85: Pleasant Valley Middle | E85: 432.51 | F85: 0 | G85: 0 | H85: 0 | I85: 0 | J85: =SUM(E85:I85) -> 432.51 | K85: =VLOOKUP(C85, 'CEDARS School FRPL'!$C$4:$G$2376,5,0) -> No | L85: =IFERROR(VLOOKUP($C85,'CEDARS School FRPL'!$C$4:$F$20001,3,FALSE),"NO CEDARL FRPL Rprtd") -> 0.4537 | Q85: 14172 | S85: 543.52 | T85: 543.52
A86: 06119 | B86: Battle Ground | C86: 3996 | D86: Pleasant Valley Primary | E86: 555.67 | F86: 18.7 | G86: 0 | H86: 0 | I86: 0 | J86: =SUM(E86:I86) -> 574.37 | K86: =VLOOKUP(C86, 'CEDARS School FRPL'!$C$4:$G$2376,5,0) -> No | L86: =IFERROR(VLOOKUP($C86,'CEDARS School FRPL'!$C$4:$F$20001,3,FALSE),"NO CEDARL FRPL Rprtd") -> 0.3892 | Q86: 14400 | S86: 327.2 | T86: 327.2
A87: 06119 | B87: Battle Ground | C87: 4104 | D87: Prairie High School | E87: 1291.12 | F87: 0 | G87: 106.91 | H87: 0 | I87: 0 | J87: =SUM(E87:I87) -> 1398.03 | K87: =VLOOKUP(C87, 'CEDARS School FRPL'!$C$4:$G$2376,5,0) -> No | L87: =IFERROR(VLOOKUP($C87,'CEDARS School FRPL'!$C$4:$F$20001,3,FALSE),"NO CEDARL FRPL Rprtd") -> 0.4089 | Q87: 15201 | R87: 4945.12 | S87: 429.4 | T87: 5374.52
A88: 06119 | B88: Battle Ground | C88: 1875 | D88: River HomeLink | E88: 888.59 | F88: 0 | G88: 26.69 | H88: 0 | I88: 0 | J88: =SUM(E88:I88) -> 915.28 | K88: =VLOOKUP(C88, 'CEDARS School FRPL'!$C$4:$G$2376,5,0) -> No | L88: =IFERROR(VLOOKUP($C88,'CEDARS School FRPL'!$C$4:$F$20001,3,FALSE),"NO CEDARL FRPL Rprtd") -> 0.2846 | Q88: 15204 | R88: 961.11 | T88: 961.11
A89: 06119 | B89: Battle Ground | C89: 4450 | D89: Summit View High School | E89: 329.11 | F89: 0 | G89: 2.83 | H89: 0 | I89: 0 | J89: =SUM(E89:I89) -> 331.94 | K89: =VLOOKUP(C89, 'CEDARS School FRPL'!$C$4:$G$2376,5,0) -> No | L89: =IFERROR(VLOOKUP($C89,'CEDARS School FRPL'!$C$4:$F$20001,3,FALSE),"NO CEDARL FRPL Rprtd") -> 0.4264 | Q89: 15206 | R89: 1213.1 | S89: 26.13 | T89: 1239.23
A90: 06119 | B90: Battle Ground | C90: 5131 | D90: Tukes Valley Middle School | E90: 478.31 | F90: 0 | G90: 0 | H90: 0 | I90: 0 | J90: =SUM(E90:I90) -> 478.31 | K90: =VLOOKUP(C90, 'CEDARS School FRPL'!$C$4:$G$2376,5,0) -> No | L90: =IFERROR(VLOOKUP($C90,'CEDARS School FRPL'!$C$4:$F$20001,3,FALSE),"NO CEDARL FRPL Rprtd") -> 0.3967 | Q90: 16020 | S90: 34.5 | T90: 34.5
A91: 06119 | B91: Battle Ground | C91: 5132 | D91: Tukes Valley Primary | E91: 498.05 | F91: 18.3 | G91: 0 | H91: 0 | I91: 0 | J91: =SUM(E91:I91) -> 516.35 | K91: =VLOOKUP(C91, 'CEDARS School FRPL'!$C$4:$G$2376,5,0) -> No | L91: =IFERROR(VLOOKUP($C91,'CEDARS School FRPL'!$C$4:$F$20001,3,FALSE),"NO CEDARL FRPL Rprtd") -> 0.3605 | Q91: 16046 | S91: 69.76 | T91: 69.76
A92: 06119 | B92: Battle Ground | C92: 2910 | D92: Yacolt Primary | E92: 745.91 | F92: 18 | G92: 0 | H92: 0 | I92: 0 | J92: =SUM(E92:I92) -> 763.91 | K92: =VLOOKUP(C92, 'CEDARS School FRPL'!$C$4:$G$2376,5,0) -> No | L92: =IFERROR(VLOOKUP($C92,'CEDARS School FRPL'!$C$4:$F$20001,3,FALSE),"NO CEDARL FRPL Rprtd") -> 0.3428 | Q92: 16048 | R92: 468.28 | S92: 187.6 | T92: 655.88
A93: 17405 | B93: Bellevue | C93: 3633 | D93: Ardmore Elementary School | E93: 395.03 | F93: 0 | G93: 0 | H93: 0 | I93: 0 | J93: =SUM(E93:I93) -> 395.03 | K93: =VLOOKUP(C93, 'CEDARS School FRPL'!$C$4:$G$2376,5,0) -> No | L93: =IFERROR(VLOOKUP($C93,'CEDARS School FRPL'!$C$4:$F$20001,3,FALSE),"NO CEDARL FRPL Rprtd") -> 0.4674 | Q93: 16049 | S93: 677.86 | T93: 677.86
A94: 17405 | B94: Bellevue | C94: 5240 | D94: Bellevue Big Picture School | E94: 299.9 | F94: 0 | G94: 18.82 | H94: 0 | I94: 0 | J94: =SUM(E94:I94) -> 318.72 | K94: =VLOOKUP(C94, 'CEDARS School FRPL'!$C$4:$G$2376,5,0) -> No | L94: =IFERROR(VLOOKUP($C94,'CEDARS School FRPL'!$C$4:$F$20001,3,FALSE),"NO CEDARL FRPL Rprtd") -> 0.1944 | Q94: 16050 | R94: 1090.85 | S94: 155.06 | T94: 1245.91
A95: 17405 | B95: Bellevue | C95: 5714 | D95: Bellevue Digital Discovery | E95: 374.78 | F95: 0 | G95: 13.01 | H95: 0 | I95: 0 | J95: =SUM(E95:I95) -> 387.79 | K95: =VLOOKUP(C95, 'CEDARS School FRPL'!$C$4:$G$2376,5,0) -> No | L95: =IFERROR(VLOOKUP($C95,'CEDARS School FRPL'!$C$4:$F$20001,3,FALSE),"NO CEDARL FRPL Rprtd") -> 0.0163 | Q95: 17001 | R95: 35495.13 | S95: 13908.36 | T95: 49403.49
A96: 17405 | B96: Bellevue | C96: 2701 | D96: Bellevue High School | E96: 1610.36 | F96: 0 | G96: 114.08 | H96: 0 | I96: 0 | J96: =SUM(E96:I96) -> 1724.44 | K96: =VLOOKUP(C96, 'CEDARS School FRPL'!$C$4:$G$2376,5,0) -> No | L96: =IFERROR(VLOOKUP($C96,'CEDARS School FRPL'!$C$4:$F$20001,3,FALSE),"NO CEDARL FRPL Rprtd") -> 0.1559 | Q96: 17210 | R96: 305.33 | S96: 20676.46 | T96: 20981.79
A97: 17405 | B97: Bellevue | C97: 5325 | D97: Bellevue Open Doors | E97: 0 | F97: 0 | G97: 0 | H97: 98.3 | I97: 0 | J97: =SUM(E97:I97) -> 98.3 | K97: =VLOOKUP(C97, 'CEDARS School FRPL'!$C$4:$G$2376,5,0) -> No | L97: =IFERROR(VLOOKUP($C97,'CEDARS School FRPL'!$C$4:$F$20001,3,FALSE),"NO CEDARL FRPL Rprtd") -> 0.0963 | Q97: 17216 | R97: 4407.25 | T97: 4407.25
A98: 17405 | B98: Bellevue | C98: 3705 | D98: Bennett Elementary School | E98: 475.3 | F98: 0 | G98: 0 | H98: 0 | I98: 0 | J98: =SUM(E98:I98) -> 475.3 | K98: =VLOOKUP(C98, 'CEDARS School FRPL'!$C$4:$G$2376,5,0) -> No | L98: =IFERROR(VLOOKUP($C98,'CEDARS School FRPL'!$C$4:$F$20001,3,FALSE),"NO CEDARL FRPL Rprtd") -> 0.0738 | Q98: 17400 | R98: 3869.54 | T98: 3869.54
A99: 17405 | B99: Bellevue | C99: 5281 | D99: Central Educational Services | E99: 55.22 | F99: 0 | G99: 0 | H99: 0 | I99: 0 | J99: =SUM(E99:I99) -> 55.22 | K99: =VLOOKUP(C99, 'CEDARS School FRPL'!$C$4:$G$2376,5,0) -> No | L99: =IFERROR(VLOOKUP($C99,'CEDARS School FRPL'!$C$4:$F$20001,3,FALSE),"NO CEDARL FRPL Rprtd") -> 0.388 | Q99: 17401 | R99: 2825.86 | S99: 14901.53 | T99: 17727.39
A100: 17405 | B100: Bellevue | C100: 3742 | D100: Cherry Crest Elementary School | E100: 548.47 | F100: 0 | G100: 0 | H100: 0 | I100: 0 | J100: =SUM(E100:I100) -> 548.47 | K100: =VLOOKUP(C100, 'CEDARS School FRPL'!$C$4:$G$2376,5,0) -> No | L100: =IFERROR(VLOOKUP($C100,'CEDARS School FRPL'!$C$4:$F$20001,3,FALSE),"NO CEDARL FRPL Rprtd") -> 0.0396 | Q100: 17402 | R100: 1307.55 | S100: 46.17 | T100: 1353.72
...

Sheet CEDARS School FRPL
C1: 1 | D1: =C1+1 -> 2 | E1: =D1+1 -> 3 | F1: =E1+1 -> 4 | G1: =#REF!+1 -> #REF!
A2: Poverty Percentage by School - March 31, 2026
A3: CCDDD | B3: LEA Name | C3: School # | D3: School Name | E3: 3 Year Average for 2026-27 Eligibility | F3: If CEP school, was HP Eligible 1st Yr of CEP? | G3: Eligible for LAP High Poverty Funding for SY 2026-27
A4: 01109 | B4: Washtucna | C4: 3075 | D4: Washtucna Elementary/High School | E4: 0.6385 | F4: Yes | G4: Yes
A5: 01122 | B5: Benge | C5: 3142 | D5: Benge Elementary | E5: 0 | G5: No
A6: 01147 | B6: Othello | C6: 5528 | D6: Early Childhood Center | E6: 0.5798 | F6: Yes | G6: Yes
A7: 01147 | B7: Othello | C7: 2961 | D7: Hiawatha Elementary School | E7: 0.8133 | F7: Yes | G7: Yes
A8: 01147 | B8: Othello | C8: 2902 | D8: Lutacaga Elementary | E8: 0.8023 | F8: Yes | G8: Yes
A9: 01147 | B9: Othello | C9: 3471 | D9: McFarland Middle School | E9: 0.8285 | F9: Yes | G9: Yes
A10: 01147 | B10: Othello | C10: 5634 | D10: Open Door Re-Engagement | E10: 0.819 | G10: Yes
A11: 01147 | B11: Othello | C11: 5776 | D11: Othello Digital Learning | E11: 0.8889 | G11: Yes
A12: 01147 | B12: Othello | C12: 3015 | D12: Othello High School | E12: 0.7952 | F12: Yes | G12: Yes
A13: 01147 | B13: Othello | C13: 3730 | D13: Scootney Springs Elementary | E13: 0.7487 | F13: Yes | G13: Yes
A14: 01147 | B14: Othello | C14: 5285 | D14: Wahitis Elementary School | E14: 0.7895 | F14: Yes | G14: Yes
A15: 01158 | B15: Lind | C15: 3421 | D15: Lind Elementary School | E15: 0.6455 | F15: Yes | G15: Yes
A16: 01158 | B16: Lind | C16: 2903 | D16: Lind-Ritzville High School | E16: 0.8052 | F16: Yes | G16: Yes
A17: 01158 | B17: Lind | C17: 5293 | D17: Lind-Ritzville Middle School | E17: 0.7236 | F17: Yes | G17: Yes
A18: 01160 | B18: Ritzville | C18: 5303 | D18: Lind Ritzville Middle School | E18: 0.4408 | F18: No | G18: No
A19: 01160 | B19: Ritzville | C19: 2719 | D19: Ritzville Grade School | E19: 0.533 | G19: Yes
A20: 01160 | B20: Ritzville | C20: 2132 | D20: Ritzville High School | E20: 0.3943 | F20: No | G20: No
A21: 02250 | B21: Clarkston | C21: 2299 | D21: Charles Francis Adams High School | E21: 0.436 | F21: No | G21: No
A22: 02250 | B22: Clarkston | C22: 5644 | D22: Discovery Virtual School | E22: 0.3008 | G22: No
A23: 02250 | B23: Clarkston | C23: 1617 | D23: Educational Opportunity Center | E23: 0.7545 | F23: Yes | G23: Yes
A24: 02250 | B24: Clarkston | C24: 5413 | D24: Educational Opportunity Center Reengagement | E24: 0.7037 | F24: No | G24: Yes
A25: 02250 | B25: Clarkston | C25: 2962 | D25: Grantham Elementary | E25: 0.7931 | F25: Yes | G25: Yes
A26: 02250 | B26: Clarkston | C26: 4384 | D26: Heights Elementary | E26: 0.3894 | F26: No | G26: No
A27: 02250 | B27: Clarkston | C27: 3266 | D27: Highland Elementary | E27: 0.6043 | F27: Yes | G27: Yes
A28: 02250 | B28: Clarkston | C28: 2501 | D28: Lincoln Middle School | E28: 0.53 | F28: Yes | G28: Yes
A29: 02250 | B29: Clarkston | C29: 2823 | D29: Parkway Elementary | E29: 0.5932 | F29: Yes | G29: Yes
A30: 02250 | B30: Clarkston | C30: 3616 | D30: Special Services | E30: 0.4986 | G30: No
A31: 02420 | B31: Asotin-Anatone | C31: 2507 | D31: Asotin Elementary | E31: 0.3814 | G31: No
A32: 02420 | B32: Asotin-Anatone | C32: 2434 | D32: Asotin Jr Sr High | E32: 0.3066 | G32: No
A33: 03017 | B33: Kennewick | C33: 4418 | D33: Amistad Elementary School | E33: 0.9042 | F33: Yes | G33: Yes
A34: 03017 | B34: Kennewick | C34: 5520 | D34: Amon Creek Elementary | E34: 0.2177 | F34: No | G34: No
A35: 03017 | B35: Kennewick | C35: 4072 | D35: Canyon View Elementary School | E35: 0.6126 | F35: Yes | G35: Yes
A36: 03017 | B36: Kennewick | C36: 4202 | D36: Cascade Elementary School | E36: 0.5531 | F36: No | G36: Yes
A37: 03017 | B37: Kennewick | C37: 5439 | D37: Chinook Middle School | E37: 0.4622 | F37: Yes | G37: Yes
A38: 03017 | B38: Kennewick | C38: 5220 | D38: Cottonwood Elementary | E38: 0.2119 | F38: No | G38: No
A39: 03017 | B39: Kennewick | C39: 4028 | D39: Desert Hills Middle School | E39: 0.2618 | F39: No | G39: No
A40: 03017 | B40: Kennewick | C40: 2824 | D40: Eastgate Elementary School | E40: 0.8116 | F40: Yes | G40: Yes
A41: 03017 | B41: Kennewick | C41: 3315 | D41: Edison Elementary School - Kennewick | E41: 0.7851 | F41: Yes | G41: Yes
A42: 03017 | B42: Kennewick | C42: 5727 | D42: Endeavor High School | E42: 0.4913 | G42: No
A43: 03017 | B43: Kennewick | C43: 5521 | D43: Fuerza Elementary | E43: 0.6714 | F43: Yes | G43: Yes
A44: 03017 | B44: Kennewick | C44: 3077 | D44: Hawthorne Elementary School - Kennewick | E44: 0.7614 | F44: Yes | G44: Yes
A45: 03017 | B45: Kennewick | C45: 3267 | D45: Highlands Middle School | E45: 0.7806 | F45: Yes | G45: Yes
A46: 03017 | B46: Kennewick | C46: 4429 | D46: Horse Heaven Hills Middle School | E46: 0.5658 | F46: Yes | G46: Yes
A47: 03017 | B47: Kennewick | C47: 3731 | D47: Kamiakin High School | E47: 0.3962 | F47: No | G47: No
A48: 03017 | B48: Kennewick | C48: 2826 | D48: Kennewick High School | E48: 0.6514 | F48: Yes | G48: Yes
A49: 03017 | B49: Kennewick | C49: 1884 | D49: Legacy High School | E49: 0.6616 | F49: Yes | G49: Yes
A50: 03017 | B50: Kennewick | C50: 4181 | D50: Lincoln Elementary School | E50: 0.553 | F50: Yes | G50: Yes
A51: 03017 | B51: Kennewick | C51: 1941 | D51: Mid-Columbia Parent Partnership | E51: 0.3141 | F51: No | G51: No
A52: 03017 | B52: Kennewick | C52: 3472 | D52: Park Middle School | E52: 0.8822 | F52: Yes | G52: Yes
A53: 03017 | B53: Kennewick | C53: 5106 | D53: Phoenix High School | E53: 0.6188 | F53: Yes | G53: Yes
A54: 03017 | B54: Kennewick | C54: 4446 | D54: Ridge View Elementary School | E54: 0.3104 | F54: No | G54: No
... A62: 03017 | B62: Kennewick | C62: 2825 | D62: Westgate Elementary School | E62: 0.8474 | F62: Yes | G62: Yes
A63: 03050 | B63: Paterson | C63: 2133 | D63: Paterson Elementary School | E63: 0.5585 | G63: Yes
A64: 03052 | B64: Kiona Benton | C64: 5719 | D64: Kiona-Benton City Elementary | E64: 0.4254 | F64: Yes | G64: Yes
A65: 03052 | B65: Kiona Benton | C65: 2904 | D65: Kiona-Benton City High School | E65: 0.3449 | F65: Yes | G65: Yes
A66: 03052 | B66: Kiona Benton | C66: 3961 | D66: Kiona-Benton City Middle School | E66: 0.2931 | F66: Yes | G66: Yes
A67: 03053 | B67: Finley | C67: 3078 | D67: Finley Elementary | E67: 0.7356 | F67: Yes | G67: Yes
A68: 03053 | B68: Finley | C68: 4031 | D68: Finley Middle School | E68: 0.6903 | F68: Yes | G68: Yes
A69: 03053 | B69: Finley | C69: 2367 | D69: River View High School | E69: 0.6789 | F69: Yes | G69: Yes
A70: 03116 | B70: Prosser | C70: 2906 | D70: Housel Middle School | E70: 0.7591 | F70: Yes | G70: Yes
A71: 03116 | B71: Prosser | C71: 2195 | D71: Keene-Riverview Elementary | E71: 0.7044 | F71: Yes | G71: Yes
A72: 03116 | B72: Prosser | C72: 3316 | D72: Prosser Heights Elementary | E72: 0.7122 | F72: Yes | G72: Yes
A73: 03116 | B73: Prosser | C73: 2508 | D73: Prosser High School | E73: 0.6827 | F73: Yes | G73: Yes
A74: 03116 | B74: Prosser | C74: 5537 | D74: Prosser Opportunity Academy | E74: 0.8595 | G74: Yes
A75: 03116 | B75: Prosser | C75: 2905 | D75: Whitstran Elementary | E75: 0.7378 | F75: Yes | G75: Yes
A76: 03400 | B76: Richland | C76: 4060 | D76: Badger Mountain Elementary | E76: 0.3647 | F76: No | G76: No
A77: 03400 | B77: Richland | C77: 2721 | D77: Carmichael Middle School | E77: 0.4944 | F77: No | G77: No
A78: 03400 | B78: Richland | C78: 2785 | D78: Chief Joseph Middle School | E78: 0.5703 | F78: No | G78: Yes
A79: 03400 | B79: Richland | C79: 5732 | D79: Desert Sky Elementary | E79: 0.2164 | G79: No
A80: 03400 | B80: Richland | C80: 3926 | D80: Enterprise Middle School | E80: 0.3299 | F80: No | G80: No
A81: 03400 | B81: Richland | C81: 3833 | D81: Hanford High School | E81: 0.3951 | G81: No
A82: 03400 | B82: Richland | C82: 2786 | D82: Jason Lee Elementary School | E82: 0.6124 | F82: Yes | G82: Yes
A83: 03400 | B83: Richland | C83: 2642 | D83: Jefferson Elementary | E83: 0.6303 | F83: Yes | G83: Yes
A84: 03400 | B84: Richland | C84: 5493 | D84: Leona Libby Middle School | E84: 0.2461 | G84: No
A85: 03400 | B85: Richland | C85: 2657 | D85: Lewis & Clark Elementary School | E85: 0.5397 | F85: Yes | G85: Yes
A86: 03400 | B86: Richland | C86: 2656 | D86: Marcus Whitman Elementary | E86: 0.6101 | F86: Yes | G86: Yes
A87: 03400 | B87: Richland | C87: 5419 | D87: Orchard Elementary | E87: 0.2451 | G87: No
A88: 03400 | B88: Richland | C88: 5689 | D88: Pacific Crest Online Academy | E88: 0.5394 | G88: Yes
A89: 03400 | B89: Richland | C89: 3511 | D89: Richland High School | E89: 0.3835 | G89: No
A90: 03400 | B90: Richland | C90: 4295 | D90: Rivers Edge High School | E90: 0.6312 | F90: Yes | G90: Yes
A91: 03400 | B91: Richland | C91: 3732 | D91: Sacajawea Elementary | E91: 0.5118 | F91: No | G91: Yes
A92: 03400 | B92: Richland | C92: 4059 | D92: Tapteal Elementary School | E92: 0.5262 | F92: No | G92: Yes
A93: 03400 | B93: Richland | C93: 5165 | D93: Three Rivers Home Link | E93: 0.219 | G93: No
A94: 03400 | B94: Richland | C94: 5092 | D94: White Bluffs Elementary School | E94: 0.2845 | G94: No
A95: 03400 | B95: Richland | C95: 4543 | D95: William Wiley Elementary School | E95: 0.2756 | F95: No | G95: No
A96: 04019 | B96: Manson | C96: 2196 | D96: Manson Elementary | E96: 0.5984 | F96: Yes | G96: Yes
A97: 04019 | B97: Manson | C97: 2623 | D97: Manson High School | E97: 0.5807 | F97: Yes | G97: Yes
A98: 04019 | B98: Manson | C98: 5286 | D98: Manson Middle School | E98: 0.6122 | F98: Yes | G98: Yes
A99: 04069 | B99: Stehekin | C99: 2265 | D99: Stehekin Elementary | E99: 0 | G99: No
A100: 04127 | B100: Entiat | C100: 3317 | D100: Entiat Middle and High School | E100: 0.6217 | F100: Yes | G100: Yes
A101: 04127 | B101: Entiat | C101: 2688 | D101: Paul Rumburg Elementary | E101: 0.6959 | F101: Yes | G101: Yes
A102: 04129 | B102: Lake Chelan | C102: 4260 | D102: Chelan High School | E102: 0.5998 | F102: Yes | G102: Yes
A103: 04129 | B103: Lake Chelan | C103: 2317 | D103: Chelan Middle School | E103: 0.5936 | F103: Yes | G103: Yes
A104: 04129 | B104: Lake Chelan | C104: 1940 | D104: Chelan School of Innovation | E104: 0.6528 | F104: Yes | G104: Yes
A105: 04129 | B105: Lake Chelan | C105: 3861 | D105: Holden Village Community School | E105: 0 | G105: No
A106: 04129 | B106: Lake Chelan | C106: 2689 | D106: Morgen Owings Elementary School | E106: 0.55 | F106: Yes | G106: Yes
A107: 04222 | B107: Cashmere | C107: 3268 | D107: CASHMERE HIGH SCHOOL | E107: 0.4487 | G107: No
...

Sheet FRPL variance 
A2: CCDDD | B2: LEA Name | C2: School # | D2: School Name | E2: 3 Year Average for 2026-27 Eligibility | F2: 3 Year Average for 2025-26 Eligibility | G2: variance
A3: 14005 | B3: Aberdeen | C3: 2834 | D3: A J West Elementary | E3: 0.8192 | F3: 0.8213 | G3: =F3-E3 -> 0.0021
A4: 14005 | B4: Aberdeen | C4: 3216 | D4: Central Park Elementary | E4: 0.5548 | F4: 0.5384 | G4: =F4-E4 -> -0.0164
A5: 14005 | B5: Aberdeen | C5: 5514 | D5: Grays Harbor Academy | E5: 0.6355 | F5: 0.6569 | G5: =F5-E5 -> 0.0214
A6: 14005 | B6: Aberdeen | C6: 3857 | D6: Harbor Junior/Senior High School | E6: 0.764 | F6: 0.7867 | G6: =F6-E6 -> 0.0227
A7: 14005 | B7: Aberdeen | C7: 5663 | D7: Harbor Open Doors | E7: 0.742 | F7: 0.712 | G7: =F7-E7 -> -0.03
A8: 14005 | B8: Aberdeen | C8: 3476 | D8: J M Weatherwax High School | E8: 0.5755 | F8: 0.5857 | G8: =F8-E8 -> 0.0102
A9: 14005 | B9: Aberdeen | C9: 2449 | D9: McDermoth Elementary | E9: 0.661 | F9: 0.6614 | G9: =F9-E9 -> 0.0004
A10: 14005 | B10: Aberdeen | C10: 2305 | D10: Miller Junior High | E10: 0.6704 | F10: 0.6619 | G10: =F10-E10 -> -0.0085
A11: 14005 | B11: Aberdeen | C11: 2763 | D11: Robert Gray Elementary | E11: 0.7712 | F11: 0.7809 | G11: =F11-E11 -> 0.0097
A12: 14005 | B12: Aberdeen | C12: 2971 | D12: Stevens Elementary School | E12: 0.7989 | F12: 0.8117 | G12: =F12-E12 -> 0.0128
A13: 14005 | B13: Aberdeen | C13: 5208 | D13: Twin Harbors - A Branch of New Market Skills Center | E13: 0.1383 | F13: 0.1126 | G13: =F13-E13 -> -0.0257
A14: 21226 | B14: Adna | C14: 2227 | D14: Adna Elementary School | E14: 0.2514 | F14: 0.2467 | G14: =F14-E14 -> -0.0047
... A217: 29100 | B217: Burlington Edison | C217: 2379 | D217: Edison Elementary - Burlington/Edison | E217: 0.3737 | F217: 0.3434 | G217: =F217-E217 -> -0.0303
A218: 29100 | B218: Burlington Edison | C218: 5767 | D218: Lucille Umbarger Middle School | E218: 0.5386 | F218: #N/A | G218: =F218-E218 -> #N/A
A219: 29100 | B219: Burlington Edison | C219: 5525 | D219: Open Doors | E219: 0.7112 | F219: 0.6256 | G219: =F219-E219 -> -0.0856
A220: 29100 | B220: Burlington Edison | C220: 5768 | D220: West View Early Learning and Community Center | E220: 0.0667 | F220: #N/A | G220: =F220-E220 -> #N/A
A221: 06117 | B221: Camas | C221: 5769 | D221: Camas Connect Academy | E221: 0.3238 | F221: #N/A | G221: =F221-E221 -> #N/A
A222: 06117 | B222: Camas | C222: 4567 | D222: Camas High School | E222: 0.1554 | F222: 0.1498 | G222: =F222-E222 -> -0.0056
A223: 06117 | B223: Camas | C223: 5532 | D223: Camas School District Open Doors | E223: 0.3334 | F223: 0.3333 | G223: =F223-E223 -> -0.0001
A224: 06117 | B224: Camas | C224: 5533 | D224: Discovery High School | E224: 0.1578 | F224: 0.1483 | G224: =F224-E224 -> -0.0095
A225: 06117 | B225: Camas | C225: 4182 | D225: Dorothy Fox | E225: 0.1416 | F225: 0.1404 | G225: =F225-E225 -> -0.0012
A226: 06117 | B226: Camas | C226: 5158 | D226: Grass Valley Elementary | E226: 0.1433 | F226: 0.1399 | G226: =F226-E226 -> -0.0034
A227: 06117 | B227: Camas | C227: 5104 | D227: Hayes Freedom High School | E227: 0.321 | F227: 0.3155 | G227: =F227-E227 -> -0.0055
A228: 06117 | B228: Camas | C228: 2725 | D228: Helen Baller Elem | E228: 0.2064 | F228: 0.2008 | G228: =F228-E228 -> -0.0056
A229: 06117 | B229: Camas | C229: 3474 | D229: Lacamas Lake Elementary | E229: 0.1868 | F229: 0.2061 | G229: =F229-E229 -> 0.0193
A230: 06117 | B230: Camas | C230: 5054 | D230: Liberty Middle School | E230: 0.2234 | F230: 0.2369 | G230: =F230-E230 -> 0.0135
A231: 06117 | B231: Camas | C231: 5534 | D231: Odyssey Middle School | E231: 0.1532 | F231: 0.1502 | G231: =F231-E231 -> -0.003
A232: 06117 | B232: Camas | C232: 4563 | D232: Prune Hill Elem | E232: 0.1592 | F232: 0.1388 | G232: =F232-E232 -> -0.0204
A233: 06117 | B233: Camas | C233: 4508 | D233: Skyridge Middle School | E233: 0.1468 | F233: 0.1328 | G233: =F233-E233 -> -0.014
... A318: 32360 | B318: Cheney | C318: 2954 | D318: Betz Elementary | E318: 0.5508 | F318: 0.5568 | G318: =F318-E318 -> 0.006
A319: 32360 | B319: Cheney | C319: 5126 | D319: Birth To Three | E319: 0 | F319: #N/A | G319: =F319-E319 -> #N/A
A320: 32360 | B320: Cheney | C320: 3610 | D320: Cheney High School | E320: 0.4642 | F320: 0.4737 | G320: =F320-E320 -> 0.0095
A321: 32360 | B321: Cheney | C321: 2447 | D321: Cheney Middle School | E321: 0.4986 | F321: 0.5304 | G321: =F321-E321 -> 0.0318
A322: 32360 | B322: Cheney | C322: 5396 | D322: Cheney Open Doors | E322: 0.7714 | F322: 0.6381 | G322: =F322-E322 -> -0.1333
A323: 32360 | B323: Cheney | C323: 5035 | D323: HomeWorks | E323: 0.4615 | F323: 0.4886 | G323: =F323-E323 -> 0.0271
A324: 32360 | B324: Cheney | C324: 5294 | D324: Phil Snowdon Elementary | E324: 0.4612 | F324: 0.4628 | G324: =F324-E324 -> 0.0016
A325: 32360 | B325: Cheney | C325: 3761 | D325: Salnave Elementary | E325: 0.5115 | F325: 0.5208 | G325: =F325-E325 -> 0.0093
A326: 32360 | B326: Cheney | C326: 2814 | D326: Sunset Elementary | E326: 0.7009 | F326: 0.6941 | G326: =F326-E326 -> -0.0068
A327: 32360 | B327: Cheney | C327: 1769 | D327: Three Springs High School | E327: 0.7529 | F327: 0.7413 | G327: =F327-E327 -> -0.0116
A328: 32360 | B328: Cheney | C328: 5269 | D328: Westwood Middle School | E328: 0.5518 | F328: 0.5652 | G328: =F328-E328 -> 0.0134
A329: 32360 | B329: Cheney | C329: 5750 | D329: WIN Academy | E329: 0.7084 | F329: 0.7158 | G329: =F329-E329 -> 0.0074
A330: 32360 | B330: Cheney | C330: 3309 | D330: Windsor Elementary | E330: 0.3943 | F330: 0.3836 | G330: =F330-E330 -> -0.0107
A331: 33036 | B331: Chewelah | C331: 5523 | D331: Chewelah Open Doors Reengagement Program | E331: 0.6611 | F331: 0.7367 | G331: =F331-E331 -> 0.0756
... A421: 22207 | B421: Davenport | C421: 3173 | D421: Davenport Senior High School | E421: 0.4995 | F421: 0.5083 | G421: =F421-E421 -> 0.0088
A422: 22207 | B422: Davenport | C422: 5770 | D422: LINCOLN COUNTY PATHWAYS ACADEMY | E422: 0.6512 | F422: #N/A | G422: =F422-E422 -> #N/A
A423: 07002 | B423: Dayton | C423: 2830 | D423: Dayton Elementary School | E423: 0.5424 | F423: 0.522 | G423: =F423-E423 -> -0.0204
A424: 07002 | B424: Dayton | C424: 2302 | D424: Dayton High School | E424: 0.3914 | F424: 0.4528 | G424: =F424-E424 -> 0.0614
A425: 07002 | B425: Dayton | C425: 4011 | D425: Dayton Middle School | E425: 0.529 | F425: 0.5288 | G425: =F425-E425 -> -0.0002
A426: 07002 | B426: Dayton | C426: 5617 | D426: Dayton School District Alternative Program | E426: 0.6955 | F426: 0.8205 | G426: =F426-E426 -> 0.125
A427: 32414 | B427: Deer Park | C427: 2173 | D427: Arcadia Elementary | E427: 0.512 | F427: 0.5137 | G427: =F427-E427 -> 0.0017
A428: 32414 | B428: Deer Park | C428: 5734 | D428: Deer Park Achievement High School | E428: 0.5978 | F428: 0.6129 | G428: =F428-E428 -> 0.0151
A429: 32414 | B429: Deer Park | C429: 5270 | D429: Deer Park Early Learning Center | E429: 0 | F429: 0 | G429: =F429-E429 -> 0
A430: 32414 | B430: Deer Park | C430: 2430 | D430: Deer Park Elementary | E430: 0.5333 | F430: 0.5542 | G430: =F430-E430 -> 0.0209
A431: 32414 | B431: Deer Park | C431: 4123 | D431: Deer Park High School | E431: 0.4584 | F431: 0.4832 | G431: =F431-E431 -> 0.0248
A432: 32414 | B432: Deer Park | C432: 1852 | D432: Deer Park Home Link Program | E432: 0.443 | F432: 0.4605 | G432: =F432-E432 -> 0.0175
A433: 32414 | B433: Deer Park | C433: 3261 | D433: Deer Park Middle School | E433: 0.4979 | F433: 0.5251 | G433: =F433-E433 -> 0.0272
A434: 27343 | B434: Dieringer | C434: 4548 | D434: Dieringer Heights Elementary | E434: 0.2026 | F434: 0.1883 | G434: =F434-E434 -> -0.0143
... A709: 39204 | B709: Granger | C709: 4535 | D709: Roosevelt Elementary | E709: 0.8813 | F709: 0.8566 | G709: =F709-E709 -> -0.0247
A710: 39204 | B710: Granger | C710: 5782 | D710: Washington Spartan Virtual Academy | E710: 0.9259 | F710: #N/A | G710: =F710-E710 -> #N/A
A711: 31332 | B711: Granite Falls | C711: 5171 | D711: Crossroads High School | E711: 0.5601 | F711: 0.5548 | G711: =F711-E711 -> -0.0053
A712: 31332 | B712: Granite Falls | C712: 2580 | D712: Granite Falls High School | E712: 0.3959 | F712: 0.3853 | G712: =F712-E712 -> -0.0106
A713: 31332 | B713: Granite Falls | C713: 4113 | D713: Granite Falls Middle School | E713: 0.4323 | F713: 0.4543 | G713: =F713-E713 -> 0.022
A714: 31332 | B714: Granite Falls | C714: 5349 | D714: Granite Falls Open Doors | E714: 0.779 | F714: 0.768 | G714: =F714-E714 -> -0.011
A715: 31332 | B715: Granite Falls | C715: 4479 | D715: Monte Cristo Elementary | E715: 0.4262 | F715: 0.4409 | G715: =F715-E715 -> 0.0147
A716: 31332 | B716: Granite Falls | C716: 4330 | D716: Mountain Way Elementary | E716: 0.4303 | F716: 0.4261 | G716: =F716-E716 -> -0.0042
A717: 23054 | B717: Grapeview | C717: 2145 | D717: Grapeview Elementary & Middle School | E717: 0.4885 | F717: 0.4868 | G717: =F717-E717 -> -0.0017
A718: 32312 | B718: Great Northern | C718: 2097 | D718: Great Northern Elementary | E718: 0.5777 | F718: 0.5111 | G718: =F718-E718 -> -0.0666
A719: 06103 | B719: Green Mountain | C719: 2484 | D719: Green Mountain School | E719: 0.2843 | F719: 0.2969 | G719: =F719-E719 -> 0.0126
A720: 34324 | B720: Griffin | C720: 2406 | D720: Griffin School | E720: 0.2709 | F720: 0.2506 | G720: =F720-E720 -> -0.0203
A721: 22204 | B721: Harrington | C721: 2743 | D721: Harrington Elementary School | E721: 0.5892 | F721: 0.5319 | G721: =F721-E721 -> -0.0573
A722: 22204 | B722: Harrington | C722: 3113 | D722: Harrington High School | E722: 0.58 | F722: 0.5148 | G722: =F722-E722 -> -0.0652
... A1123: 21214 | B1123: Morton | C1123: 2678 | D1123: Morton Elementary School | E1123: 0.5471 | F1123: 0.5563 | G1123: =F1123-E1123 -> 0.0092
A1124: 21214 | B1124: Morton | C1124: 5758 | D1124: Morton Intermediate School | E1124: 0.5645 | F1124: #N/A | G1124: =F1124-E1124 -> #N/A
A1125: 21214 | B1125: Morton | C1125: 3112 | D1125: Morton Junior-Senior High | E1125: 0.5322 | F1125: 0.5809 | G1125: =F1125-E1125 -> 0.0487
A1126: 13161 | B1126: Moses Lake | C1126: 5273 | D1126: Columbia Basin Technical Skills Center | E1126: 0.1616 | F1126: 0.0941 | G1126: =F1126-E1126 -> -0.0675
A1127: 13161 | B1127: Moses Lake | C1127: 3022 | D1127: Columbia Middle School | E1127: 0.5569 | F1127: 0.581 | G1127: =F1127-E1127 -> 0.0241
A1128: 13161 | B1128: Moses Lake | C1128: 5679 | D1128: Digital Learning Center | E1128: 0.6284 | F1128: 0.649 | G1128: =F1128-E1128 -> 0.0206
A1129: 13161 | B1129: Moses Lake | C1129: 5354 | D1129: Endeavor Middle School | E1129: 0.8251 | F1129: 0.8784 | G1129: =F1129-E1129 -> 0.0533
A1130: 13161 | B1130: Moses Lake | C1130: 2673 | D1130: Frontier Middle School | E1130: 0.6121 | F1130: 0.6456 | G1130: =F1130-E1130 -> 0.0335
A1131: 13161 | B1131: Moses Lake | C1131: 3091 | D1131: Garden Heights Elementary | E1131: 0.5256 | F1131: 0.5414 | G1131: =F1131-E1131 -> 0.0158
A1132: 13161 | B1132: Moses Lake | C1132: 5680 | D1132: Groff Elementary School | E1132: 0.4674 | F1132: 0.4877 | G1132: =F1132-E1132 -> 0.0203
A1133: 13161 | B1133: Moses Lake | C1133: 2833 | D1133: Knolls Vista Elementary | E1133: 0.6781 | F1133: 0.7091 | G1133: =F1133-E1133 -> 0.031
A1134: 13161 | B1134: Moses Lake | C1134: 2969 | D1134: Lakeview Terrace Elementary | E1134: 0.6715 | F1134: 0.6765 | G1134: =F1134-E1134 -> 0.005
A1135: 13161 | B1135: Moses Lake | C1135: 3021 | D1135: Larson Heights Elementary | E1135: 0.7663 | F1135: 0.7888 | G1135: =F1135-E1135 -> 0.0225
A1136: 13161 | B1136: Moses Lake | C1136: 3153 | D1136: Longview Elementary | E1136: 0.6389 | F1136: 0.6478 | G1136: =F1136-E1136 -> 0.0089
... A1218: 37506 | B1218: Nooksack Valley | C1218: 2687 | D1218: Nooksack Valley Middle School | E1218: 0.5043 | F1218: 0.5269 | G1218: =F1218-E1218 -> 0.0226
A1219: 37506 | B1219: Nooksack Valley | C1219: 1823 | D1219: Nooksack Valley Special Services | E1219: 0.3519 | F1219: #N/A | G1219: =F1219-E1219 -> #N/A
A1220: 37506 | B1220: Nooksack Valley | C1220: 2489 | D1220: Sumas Elementary | E1220: 0.5528 | F1220: 0.5721 | G1220: =F1220-E1220 -> 0.0193
A1221: 14064 | B1221: North Beach | C1221: 3788 | D1221: North Beach Junior High School | E1221: 0.6923 | F1221: 0.7314 | G1221: =F1221-E1221 -> 0.0391
A1222: 14064 | B1222: North Beach | C1222: 2728 | D1222: North Beach Senior High School | E1222: 0.5734 | F1222: 0.5695 | G1222: =F1222-E1222 -> -0.0039
A1223: 14064 | B1223: North Beach | C1223: 3787 | D1223: Ocean Shores Elementary | E1223: 0.6502 | F1223: 0.664 | G1223: =F1223-E1223 -> 0.0138
A1224: 14064 | B1224: North Beach | C1224: 3155 | D1224: Pacific Beach Elementary School | E1224: 0.7517 | F1224: 0.7835 | G1224: =F1224-E1224 -> 0.0318
A1225: 11051 | B1225: North Franklin | C1225: 3325 | D1225: Basin City Elem | E1225: 0.6986 | F1225: 0.6956 | G1225: =F1225-E1225 -> -0.003
A1226: 11051 | B1226: North Franklin | C1226: 2918 | D1226: Connell Elem | E1226: 0.6907 | F1226: 0.7157 | G1226: =F1226-E1226 -> 0.025
A1227: 11051 | B1227: North Franklin | C1227: 3272 | D1227: Connell High School | E1227: 0.6811 | F1227: 0.7063 | G1227: =F1227-E1227 -> 0.0252
A1228: 11051 | B1228: North Franklin | C1228: 5499 | D1228: CRCC-Open Doors | E1228: 0 | F1228: 0 | G1228: =F1228-E1228 -> 0
A1229: 11051 | B1229: North Franklin | C1229: 3086 | D1229: Mesa Elem | E1229: 0.607 | F1229: 0.6587 | G1229: =F1229-E1229 -> 0.0517
A1230: 11051 | B1230: North Franklin | C1230: 5653 | D1230: North Franklin Virtual Academy | E1230: 0.6956 | F1230: 0.6768 | G1230: =F1230-E1230 -> -0.0188
A1231: 11051 | B1231: North Franklin | C1231: 1754 | D1231: Palouse Junction High School | E1231: 0.7195 | F1231: 0.7091 | G1231: =F1231-E1231 -> -0.0104
...

Sheet CEDARS District FRPL
A1: 1 | B1: =1+A1 -> 2 | C1: =B1+1 -> 3
A2: CCDDD | B2: District | C2: % Used for 2026-27 LAP Funding
A3: 14005 | B3: Aberdeen | C3: 0.6818 | D3: =TEXT(A3, "00000") -> 14005
A4: 21226 | B4: Adna | C4: 0.2037 | D4: =TEXT(A4, "00000") -> 21226
A5: 22017 | B5: Almira | C5: 0.3893 | D5: =TEXT(A5, "00000") -> 22017
A6: 29103 | B6: Anacortes | C6: 0.3023 | D6: =TEXT(A6, "00000") -> 29103
A7: 31016 | B7: Arlington | C7: 0.3995 | D7: =TEXT(A7, "00000") -> 31016
A8: 02420 | B8: Asotin-Anatone | C8: 0.3258 | D8: =TEXT(A8, "00000") -> 02420
A9: 17408 | B9: Auburn | C9: 0.5684 | D9: =TEXT(A9, "00000") -> 17408
A10: 18303 | B10: Bainbridge | C10: 0.1103 | D10: =TEXT(A10, "00000") -> 18303
A11: 06119 | B11: Battle Ground | C11: 0.3851 | D11: =TEXT(A11, "00000") -> 06119
A12: 17405 | B12: Bellevue | C12: 0.2228 | D12: =TEXT(A12, "00000") -> 17405
A13: 37501 | B13: Bellingham | C13: 0.3931 | D13: =TEXT(A13, "00000") -> 37501
A14: 01122 | B14: Benge | C14: 0 | D14: =TEXT(A14, "00000") -> 01122
... A320: 39205 | B320: Zillah | C320: 0.5786 | D320: =TEXT(A320, "00000") -> 39205

Sheet AAFTE
A1: Enrollment as of Aug 2026 | C1: =SUM(C3:C320) -> 1062983.2 | D1: =SUM(D3:D320) -> 7175.9 | E1: =SUM(E3:E320) -> 1055807.3 | AG1: =MAX(AG3:AG322) -> 2327
A2: OSPILegacyCode | B2: OrganizationName | C2: total enrollment | D2: TKZ271 Enroll TK | E2: A17 Enroll Total w/ Run Start | G2: Drop down on Summary tab | J2: Row Labels | K2: Sum of TOTAL | AF2: Row Labels | AG2: Count of School Code
A3: 01109 | B3: Washtucna School District | C3: =SUM(D3:E3) -> 59.25 | D3: 0 | E3: 59.25 | G3: =A3 -> 01109 | J3: 01109 | K3: 59.25 | L3: =K3-C3 -> 0 | AF3: 01109 | AG3: 1
A4: 01122 | B4: Benge School District | C4: =SUM(D4:E4) -> 8.2 | D4: 0 | E4: 8.2 | G4: =A4 -> 01122 | J4: 01122 | K4: 8.2 | L4: =K4-C4 -> 0 | AF4: 01122 | AG4: 1
A5: 01147 | B5: Othello School District | C5: =SUM(D5:E5) -> 4389.29 | D5: 80.75 | E5: 4308.54 | G5: =A5 -> 01147 | J5: 01147 | K5: 4389.29 | L5: =K5-C5 -> 0 | AF5: 01147 | AG5: 9
A6: 01158 | B6: Lind School District | C6: =SUM(D6:E6) -> 158.61 | D6: 2 | E6: 156.61 | G6: =A6 -> 01158 | J6: 01158 | K6: 158.61 | L6: =K6-C6 -> 0 | AF6: 01158 | AG6: 3
A7: 01160 | B7: Ritzville School District | C7: =SUM(D7:E7) -> 383.79 | D7: 11.9 | E7: 371.89 | G7: =A7 -> 01160 | J7: 01160 | K7: 383.79 | L7: =K7-C7 -> 0 | AF7: 01160 | AG7: 3
A8: 02250 | B8: Clarkston School District | C8: =SUM(D8:E8) -> 2409.89 | D8: 52.98 | E8: 2356.91 | G8: =A8 -> 02250 | J8: 02250 | K8: 2409.86 | L8: =K8-C8 -> -0.03 | AF8: 02250 | AG8: 10
A9: 02420 | B9: Asotin-Anatone School District | C9: =SUM(D9:E9) -> 656.82 | D9: 30.1 | E9: 626.72 | G9: =A9 -> 02420 | J9: 02420 | K9: 656.82 | L9: =K9-C9 -> 0 | AF9: 02420 | AG9: 2
A10: 03017 | B10: Kennewick School District | C10: =SUM(D10:E10) -> 18534.69 | D10: 29.9 | E10: 18504.79 | G10: =A10 -> 03017 | J10: 03017 | K10: 18534.71 | L10: =K10-C10 -> 0.02 | AF10: 03017 | AG10: 30
A11: 03050 | B11: Paterson School District | C11: =SUM(D11:E11) -> 140.4 | D11: 0 | E11: 140.4 | G11: =A11 -> 03050 | J11: 03050 | K11: 140.4 | L11: =K11-C11 -> 0 | AF11: 03050 | AG11: 1
A12: 03052 | B12: Kiona-Benton City School District | C12: =SUM(D12:E12) -> 1275.37 | D12: 13 | E12: 1262.37 | G12: =A12 -> 03052 | J12: 03052 | K12: 1275.37 | L12: =K12-C12 -> 0 | AF12: 03052 | AG12: 3
A13: 03053 | B13: Finley School District | C13: =SUM(D13:E13) -> 852.64 | D13: 0 | E13: 852.64 | G13: =A13 -> 03053 | J13: 03053 | K13: 852.63 | L13: =K13-C13 -> -0.01 | AF13: 03053 | AG13: 3
A14: 03116 | B14: Prosser School District | C14: =SUM(D14:E14) -> 2429.94 | D14: 52.4 | E14: 2377.54 | G14: =A14 -> 03116 | J14: 03116 | K14: 2429.96 | L14: =K14-C14 -> 0.02 | AF14: 03116 | AG14: 6
... A318: 39208 | B318: West Valley School District (Yakima) | C318: =SUM(D318:E318) -> 5338.85 | D318: 33.9 | E318: 5304.95 | G318: =A318 -> 39208 | J318: 39208 | K318: 5338.83 | L318: =K318-C318 -> -0.02 | AF318: 06901 | AG318: 1
A319: 39209 | B319: Mount Adams School District | C319: =SUM(D319:E319) -> 781.41 | D319: 0 | E319: 781.41 | G319: =A319 -> 39209 | J319: 39209 | K319: 781.4 | L319: =K319-C319 -> -0.01 | AF319: (blank)
A320: 39901 | B320: Yakama Nation Tribal Compact | C320: =SUM(D320:E320) -> 148 | D320: 0 | E320: 148 | G320: =A320 -> 39901 | J320: 39901 | K320: 148 | L320: =K320-C320 -> 0 | AF320: 11054 | AG320: 1
C321: =SUM(C3:C320) -> 1062983.2 | D321: =SUM(D3:D320) -> 7175.9 | E321: =SUM(E3:E320) -> 1055807.3 | J321: Grand Total | K321: 1062983.1 | L321: =K321-C321 -> -0.17 | AF321: 39901 | AG321: 1
L322: =K322-C322 -> 0 | AF322: Grand Total | AG322: 2327

Sheet 2026-27 Salary & Benefits
A4: 1 | B4: 2 | C4: 3 | D4: 4 | E4: 5 | F4: 6 | G4: 7 | H4: 8 | I4: 9 | N4: Regionalization Base | O4: Regionalization | Q4: Reg Experience
A5: CCDDD | B5: District | C5: 2026-27 Reg Base | D5: 2026-27 Reg Inc | E5: CIS Sal | F5: CIS Sal Inc | G5: LAP CIS Health Ins Inc Rate + Multiplier | H5: LAP CIS Fringe Benefit Rate | I5: LAP CIS Fringe Benefit Inc Rate | L5: CCDDD | M5: District | N5: 24-25 | O5: 26-27 | P5: Reg Exp | Q5: Reg Exp
A6: 01109 | B6: Washtucna School District | C6: 1 | D6: 1 | E6: 78209 | F6: 82248 | G6: 16817.76 | H6: 0.1602 | I6: 0.1539 | L6: 01109 | M6: Washtucna School District | N6: 1 | O6: 1 | P6: 0 | Q6: 1
A7: 01122 | B7: Benge School District | C7: 1 | D7: 1 | E7: 78209 | F7: 82248 | G7: 16817.76 | H7: 0.1602 | I7: 0.1539 | L7: 01122 | M7: Benge School District | N7: 1 | O7: 1 | P7: 0 | Q7: 1
A8: 01147 | B8: Othello School District | C8: 1 | D8: 1 | E8: 78209 | F8: 82248 | G8: 16817.76 | H8: 0.1602 | I8: 0.1539 | L8: 01147 | M8: Othello School District | N8: 1 | O8: 1 | P8: 0 | Q8: 1
A9: 01158 | B9: Lind School District | C9: 1 | D9: 1 | E9: 78209 | F9: 82248 | G9: 16817.76 | H9: 0.1602 | I9: 0.1539 | L9: 01158 | M9: Lind School District | N9: 1 | O9: 1 | P9: 0 | Q9: 1
A10: 01160 | B10: Ritzville School District | C10: 1 | D10: 1.04 | E10: 78209 | F10: 82248 | G10: 16817.76 | H10: 0.1602 | I10: 0.1539 | L10: 01160 | M10: Ritzville School District | N10: 1 | O10: 1 | P10: 0.04 | Q10: 1.04
A11: 02250 | B11: Clarkston School District | C11: 1 | D11: 1 | E11: 78209 | F11: 82248 | G11: 16817.76 | H11: 0.1602 | I11: 0.1539 | L11: 02250 | M11: Clarkston School District | N11: 1 | O11: 1 | P11: 0 | Q11: 1
A12: 02420 | B12: Asotin-Anatone School District | C12: 1 | D12: 1 | E12: 78209 | F12: 82248 | G12: 16817.76 | H12: 0.1602 | I12: 0.1539 | L12: 02420 | M12: Asotin-Anatone School District | N12: 1 | O12: 1 | P12: 0 | Q12: 1
A13: 03017 | B13: Kennewick School District | C13: 1 | D13: 1 | E13: 78209 | F13: 82248 | G13: 16817.76 | H13: 0.1602 | I13: 0.1539 | L13: 03017 | M13: Kennewick School District | N13: 1 | O13: 1 | P13: 0 | Q13: 1
A14: 03050 | B14: Paterson School District | C14: 1 | D14: 1 | E14: 78209 | F14: 82248 | G14: 16817.76 | H14: 0.1602 | I14: 0.1539 | L14: 03050 | M14: Paterson School District | N14: 1 | O14: 1 | P14: 0 | Q14: 1
A15: 03052 | B15: Kiona-Benton City School District | C15: 1 | D15: 1.04 | E15: 78209 | F15: 82248 | G15: 16817.76 | H15: 0.1602 | I15: 0.1539 | L15: 03052 | M15: Kiona-Benton City School District | N15: 1 | O15: 1 | P15: 0.04 | Q15: 1.04
A16: 03053 | B16: Finley School District | C16: 1 | D16: 1 | E16: 78209 | F16: 82248 | G16: 16817.76 | H16: 0.1602 | I16: 0.1539 | L16: 03053 | M16: Finley School District | N16: 1 | O16: 1 | P16: 0 | Q16: 1
A17: 03116 | B17: Prosser School District | C17: 1 | D17: 1 | E17: 78209 | F17: 82248 | G17: 16817.76 | H17: 0.1602 | I17: 0.1539 | L17: 03116 | M17: Prosser School District | N17: 1 | O17: 1 | P17: 0 | Q17: 1
... A323: 39901 | B323: Yakama Nation Tribal | C323: 1 | D323: 1 | E323: 78209 | F323: 82248 | G323: 16817.76 | H323: 0.1602 | I323: 0.1539 | L323: 39901 | M323: Yakama Nation Tribal Compact | N323: 1 | O323: 1 | P323: 0 | Q323: 1
